 Dungeon Crawl Stone Soup version 0.32-a0-361-g289a535 (webtiles) character file.

Game seed: 15686176532519309839

15325021 december12 the Messiah (level 27, 240/240 HPs)
             Began as a Barachi Artificer on Feb 18, 2024.
             Was the Champion of Beogh.
             Escaped with the Orb
             ... and 15 runes
             ... and 1 gem!
             The game lasted 05:01:41 (103223 turns).

december12 the Messiah (Barachi Artificer)        Turns: 103223, Time: 05:01:41

Health: 240/240    AC: 44    Str: 11    XL:     27
Magic:  63/63      EV: 31    Int: 18    God:    Beogh [******]
Gold:   6370       SH:  0    Dex: 20    Spells: 6/80 levels left

rFire   + + .        a - +9 double sword (protect)
rCold   + + +        I - orb {light}
rNeg    + + +        L - +10 pearl dragon scales
rPois   ∞            U - +1 helmet of Mael {Rampage rF++ rCorr Str-3}
rElec   +            d - +2 cloak {rC+}
rCorr   +            c - +2 pair of gloves {Stlth+}
SInv    .            u - +2 pair of boots {rampage}
Will    +++..        A - amulet of Vitality {RegenMP++ Regen++}
Stlth   +            B - ring "Isi Yxourph" {rElec rC+ MP+9}
HPRegen 2.20/turn    C - ring of the Hare {EV+10}
MPRegen 1.18/turn

%: rampage
@: death-form, glowing, studying 3 skills, slow
A: vile attack, torment immunity, no potions, walk on water, amphibious,
slowness 1, strong legs 2, +LOS, poison resistance, noise suppression
0: Orb of Zot
}: 15/15 runes: decaying, slimy, silver, golden, iron, obsidian, icy, bone,
abyssal, demonic, glowing, magical, fiery, dark, gossamer
a: Hop, Siphon Essence, Begin Untransformation, Renounce Religion, Smiting,
Recall Apostles, Blood for Blood, Dismiss Berold, warrior, Dismiss Boghold,
warrior, Dismiss Margrim, priest


You escaped.
You worshipped Beogh.
Beogh was exalted by your worship.
You were an undying horror.
You visited 17 branches of the dungeon, and saw 87 of its levels.
You visited Pandemonium 1 time, and saw 17 of its levels.
You visited the Abyss 4 times.
You visited 1 ziggurat, and saw 20 of its levels.
You also visited: Trove, Bailey, Gauntlet and Ice Cave.

You collected 10728 gold pieces.
You spent 4358 gold pieces at shops.

Inventory:

Hand Weapons
 a - a +9 double sword of protection (weapon)
 b - the +11 Singing Sword {sonic wave}
   (You found it on level 4 of a ziggurat)
Missiles
 l - 11 curare-tipped darts
 Z - 3 throwing nets (quivered) {!f}
Armour
 c - a +2 pair of gloves of stealth (worn)
 d - a +2 cloak of cold resistance (worn)
 n - a +2 cloak of willpower
 u - a +2 pair of boots of rampaging (worn)
 I - an orb of light (worn)
 L - +10 pearl dragon scales (worn)
 U - the +1 helmet of Mael (worn) {Rampage rF++ rCorr Str-3}
   (You found it on level 3 of the Vaults)

   Str-3:     It affects your strength (-3).
   rF++:      It greatly protects you from fire.
   rCorr:     It protects you from acid and corrosion.
   Rampage:   It bestows one free step when moving towards enemies.
Jewellery
 A - the amulet of Vitality (around neck) {RegenMP++ Regen++}
   (You bought it in a shop on level 3 of the Depths)

   [amulet of magic regeneration]

   RegenMP:   It increases your rate of magic regeneration.
   Regen++:   It increases your rate of health regeneration.
 B - the ring "Isi Yxourph" (left hand) {rElec rC+ MP+9}
   (You acquired it on level 7 of the Dungeon)

   [ring of magical power]

   rC+:       It protects you from cold.
   rElec:     It insulates you from electricity.
   MP+9:      It affects your magic capacity (+9).
 C - the ring of the Hare (right hand) {EV+10}
   (You took it off a deep elf sorcerer on level 3 of the Elven Halls)

   [ring of evasion]

   EV+10:     It affects your evasion (+10).
 D - the ring of Untruth {Wiz rF+ Str+3 Dex+3}
   (You found it on level 19 of a ziggurat)

   [ring of wizardry]

   Wiz:       It improves your spell success rate.
   Str+3:     It affects your strength (+3).
   Dex+3:     It affects your dexterity (+3).
   rF+:       It protects you from fire.
 E - the ring "Ylolequv" {rElec rPois rC+ Int+5 Stlth-}
   (You found it on level 14 of a ziggurat)

   [ring of poison resistance]

   Int+5:     It affects your intelligence (+5).
   rC+:       It protects you from cold.
   rElec:     It insulates you from electricity.
   rPois:     It protects you from poison Stlth-: It makes you less stealthy.
Talismans
 j - a talisman of death (active)
Wands
 q - a wand of roots (76)
 R - a wand of light (70)
 V - a wand of digging (14)
 W - a wand of paralysis (123)
Scrolls
 h - 27 scrolls of teleportation
 i - 4 scrolls of immolation
 t - 2 scrolls of silence
 w - 2 scrolls of vulnerability
 H - 3 scrolls of blinking
 K - 19 scrolls of amnesia
 S - 7 scrolls of revelation
 X - 9 scrolls of fog
Potions
 e - 2 potions of might
 f - 13 potions of invisibility
 g - 17 potions of attraction
 k - a potion of resistance
 m - 19 potions of heal wounds {!d}
 o - 12 potions of magic
 p - 13 potions of lignification
 x - 16 potions of brilliance {!d}
 z - 22 potions of curing
 G - a potion of haste
 N - 5 potions of enlightenment
 O - 5 potions of cancellation
 T - 31 potions of mutation
 Y - 2 potions of ambrosia
Miscellaneous
 r - a figurine of a ziggurat
 s - a phantom mirror
 y - a lightning rod (4/4)
 F - a phial of floods
 J - a condenser vane


   Skills:
 + Level 24.7 Fighting
 - Level 16.0 Long Blades
 + Level 21.5 Armour
 + Level 24.3 Dodging
 - Level 0.8 Stealth
 O Level 27 Spellcasting
 - Level 9.0 Conjurations
 - Level 22.0 Hexes
 - Level 9.0 Necromancy
 - Level 12.0 Translocations
 - Level 24.0 Air Magic
 - Level 9.0 Earth Magic
 - Level 10.0 Alchemy
 O Level 27 Invocations
 + Level 12.5 Evocations
 + Level 24.8 Shapeshifting


You had 6 spell levels left.
You knew the following spells:

 Your Spells              Type           Power      Damage    Failure   Level
a - Manifold Assault      Tloc           61%        N/A       1%          4
b - Summon Mana Viper     Hex/Summ       59%        N/A       1%          5
c - Vhi's Electric Charg  Tloc/Air       100%       N/A       1%          4
d - Discord               Hex            40%        N/A       3%          8
e - Conjure Ball Lightni  Conj/Air       35%        3x3d11    1%          6
f - Borgnjor's Vile Clut  Necr/Erth      27%        N/A       3%          5
g - Enfeeble              Hex            40%        N/A       1%          7
i - Maxwell's Capacitive  Air            42%        ∞         1%          8
o - Passwall              Erth           54%        N/A       1%          3
p - Passage of Golubria   Tloc           61%        N/A       1%          4
r - Irradiate             Conj/Alch      27%        3d20      2%          5
v - Blink                 Tloc           100%       N/A       1%          2
y - Yara's Violent Unrav  Hex/Alch       34%        3d14      1%          5
z - Apportation           Tloc           100%       N/A       1%          1
S - Silence               Hex/Air        41%        N/A       0%          5
W - Lesser Beckoning      Tloc           100%       N/A       1%          2

Your spell library contained the following spells:

 Spells                   Type           Power      Damage    Failure   Level
 Shock                    Conj/Air       100%       1d9       0%          1
 Slow                     Hex            100%       N/A       0%          1
 Jinxbite                 Hex            100%       N/A       0%          2
 Mercury Vapours          Alch/Air       100%       N/A       0%          2
 Static Discharge         Conj/Air       100%       3-8/arc   0%          2
 Confusing Touch          Hex            80%        N/A       0%          3
 Sigil of Binding         Hex            80%        N/A       0%          3
 Swiftness                Air            84%        N/A       0%          3
 Tukima's Dance           Hex            80%        N/A       0%          3
 Airstrike                Air            42%        2d(6-22)  0%          4
 Cause Fear               Hex            40%        N/A       0%          4
 Foxfire                  Conj/Fire      100%       2x1d9     1%          1
 Kiss of Death            Conj/Necr      100%       2d13      1%          1
 Magic Dart               Conj           100%       1d8       1%          1
 Necrotise                Necr           100%       1d9       1%          1
 Sandblast                Erth           100%       2d20      1%          1
 Sting                    Conj/Alch      100%       1d9       1%          1
 Cigotuvi's Dreadful Rot  Necr/Alch/Air  100%       N/A       1%          2
 Ensorcelled Hibernation  Hex/Ice        100%       N/A       1%          2
 Momentum Strike          Conj/Tloc      100%       3d10      1%          2
 Searing Ray              Conj           100%       2d8       1%          2
 Sublimation of Blood     Necr           54%        N/A       1%          2
 Dazzling Flash           Conj/Hex       100%       N/A       1%          3
 Fugue of the Fallen      Necr           54%        N/A       1%          3
 Gell's Gravitas          Tloc           61%        N/A       1%          3
 Hailstorm                Conj/Ice       40%        3d9       1%          3
 Inner Flame              Hex/Fire       59%        N/A       1%          3
 Mephitic Cloud           Conj/Alch/Air  66%        N/A       1%          3
 Stone Arrow              Conj/Erth      100%       3d13      1%          3
 Teleport Other           Tloc           61%        N/A       1%          3
 Vampiric Draining        Necr           54%        2d9       1%          3
 Volatile Blastmotes      Fire/Tloc      90%        2d17      1%          3
 Anguish                  Hex/Necr       34%        N/A       1%          4
 Animate Dead             Necr           54%        N/A       1%          4
 Brom's Barrelling Bould  Conj/Erth      54%        2d7       1%          4
 Dimensional Bullseye     Hex/Tloc       35%        N/A       1%          4
 Dispel Undead            Necr           54%        3d20      1%          4
 Fulminant Prism          Conj/Alch      27%        3d14      1%          4
 Iskenderun's Mystic Bla  Conj/Tloc      58%        2d12      1%          4
 Leda's Liquefaction      Alch/Erth      27%        N/A       1%          4
 Olgreb's Toxic Radiance  Alch           57%        N/A       1%          4
 Petrify                  Alch/Erth      55%        N/A       1%          4
 Summon Lightning Spire   Summ/Air       61%        N/A       1%          4
 Alistair's Intoxication  Alch           38%        N/A       1%          5
 Arcjolt                  Conj/Air       35%        1d45      1%          5
 Freezing Cloud           Conj/Ice/Air   29%        6-21      1%          5
 Metabolic Englaciation   Hex/Ice        29%        N/A       1%          5
 Curse of Agony           Necr           54%        N/A       3%          5
 Iskenderun's Battlesphe  Conj           54%        2d10      3%          5
 Freeze                   Ice            96%        1d10      4%          1
 Summon Small Mammal      Summ           96%        N/A       4%          1
 Dispersal                Tloc           30%        N/A       4%          6
 Plasma Beam              Fire/Air       30%        2x1d43    4%          6
 Ignite Poison            Fire/Alch      42%        N/A       5%          4
 Sticky Flame             Fire/Alch      42%        2d8       5%          4
 Call Imp                 Summ           48%        N/A       7%          2
 Scorch                   Fire           48%        2d7       7%          2
 Flame Wave               Conj/Fire      40%        2d11      7%          4
 Martyr's Knell           Necr/Summ      40%        N/A       7%          4
 Summon Forest            Summ/Tloc      22%        N/A       11%         5
 Eringya's Noxious Bog    Alch           28%        4d6       11%         6
 Call Canine Familiar     Summ           24%        N/A       13%         3
 Frozen Ramparts          Ice            48%        1d8       13%         3
 Ozocubu's Armour         Ice            24%        N/A       13%         3
 Summon Ice Beast         Ice/Summ       24%        N/A       13%         3
 Bombard                  Conj/Erth      27%        9d5       17%         6
 Death Channel            Necr           27%        N/A       17%         6
 Fireball                 Conj/Fire      20%        3d10      19%         5
 Sculpt Simulacrum        Ice/Alch       21%        N/A       65%         6
 Starburst                Conj/Fire      20%        6d7       71%         6
 Summon Cactus Giant      Summ           12%        N/A       100%        6
 Orb of Destruction       Conj           27%        9d9       67%         7
 Malign Gateway           Summ/Tloc      22%        N/A       97%         7
 Haunt                    Necr/Summ      20%        N/A       99%         7
 Spellforged Servitor     Conj/Summ      20%        N/A       99%         7
 Monstrous Menagerie      Summ           12%        N/A       100%        7
 Ozocubu's Refrigeration  Ice            12%        4d10      100%        7
 Summon Hydra             Summ           12%        N/A       100%        7
 Borgnjor's Revivificati  Necr           27%        N/A       100%        8
 Ignition                 Fire           12%        3d6       100%        8
 Lehudib's Crystal Spear  Conj/Erth      27%        10d7      100%        8
 Summon Horrible Things   Summ           12%        N/A       100%        8
 Death's Door             Necr           27%        N/A       100%        9
 Dragon's Call            Summ           12%        N/A       100%        9
 Polar Vortex             Ice            12%        12d1*     100%        9


Dungeon Overview and Level Annotations

Branches:
Dungeon (15/15)            Temple (0/1) D:5            Lair (5/5) D:11
  Swamp (4/4) Lair:2       Spider (4/4) Lair:3        Slime (5/5) Lair:4
    Orc (2/2) D:12            Elf (3/3) Orc:2        Vaults (5/5) D:14
  Crypt (3/3) Vaults:3       Tomb (3/3) Crypt:3      Depths (4/4) D:15
   Hell (visited)             Dis (7/7) Hell            Geh (7/7) Hell
    Coc (7/7) Hell            Tar (7/7) Hell            Zot (5/5) Depths:4
 Bailey (visited)           IceCv (visited)         Gauntlet (visited)

Altars:
Dithmenos
Gozag
Kikubaaqudgha
Makhleb
Nemelex Xobeh
Okawaru
Qazlal
Ru
Sif Muna
Trog
Vehumet
Wu Jian
Xom
Yredelemnul
The Shining One
Beogh
Jiyva

Shops:
D:9 *   D:13 [   Orc:2 ?*[   Elf:1 !   Vaults:1 [   Vaults:4 (   Depths:3 =:=

Portals:
Hell: Depths:1 Depths:2 Depths:3 Depths:4
Abyss: Depths:2 Depths:3
Pandemonium: Depths:1 Depths:2

Annotations:
Elf:2 3 runed translucent doors, Truedra's ghost, adept DsFi


Innate Abilities, Weirdness & Mutations

You are an undying horror.
Your melee and unarmed attacks drain, slow and weaken victims.
You are immune to unholy pain and torment.
You cannot drink.
You can walk on water.
Your facial features are unmistakably orcish.
You are amphibious.
You cover ground slowly.
You can hop long distances.
You have an extended range of vision and can be seen from far away.
Your system is resistant to poisons. (rPois)
You passively dampen the noise of your surroundings.


Message History

Here: Boghold the orc apostle, wielding a +0 halberd of freezing, wearing a +6 crystal plate armour and quivering boomerangs (friendly, haloed)
The floor.
Unknown command.
Unknown command.
Unknown command.
Unknown command.
Unknown command.
Saving game... please wait.
Options error: Invalid setting for tile_player_tile: "mons:" (december12.rc:192) Welcome back, december12 the Barachi Artificer.
Beogh says: Show the world what it means to be an orc!
Press ? for a list of commands and other information.
Press: ? - help, . - travel You can't see that place. [the floor.]
You swap places.
You swap places.
There is a staircase leading out of the dungeon here.
Press: ? - help, v - describe, . - travel
Here: Berold the orc apostle, wielding a +4 battleaxe of flaming and wearing a +6 chain mail of positive energy (friendly, haloed)
The floor.
Targeting interrupted by HUP signal.
Options error: Invalid setting for tile_player_tile: "mons:" (december12.rc:192) Welcome back, december12 the Barachi Artificer.
Beogh says: Show the world what it means to be an orc!
Press ? for a list of commands and other information.
Press: ? - help, v - describe, . - travel
Here: Boghold the orc apostle, wielding a +0 halberd of freezing, wearing a +6 crystal plate armour and quivering boomerangs (friendly, haloed)
The floor.
Targeting interrupted by HUP signal.
Options error: Invalid setting for tile_player_tile: "mons:" (december12.rc:192) Welcome back, december12 the Barachi Artificer.
Beogh says: Show the world what it means to be an orc!
Press ? for a list of commands and other information.
Press: ? - help, v - describe, . - travel
Here: Margrim the orc apostle, wielding a +0 antimagic morningstar and wearing +3 steam dragon scales (friendly, haloed)
The floor.
Unknown command.
Unknown command.
You have escaped!

.#.# #....# #.... .#.# #....#
#.... .#.# ##########....#######÷
##.# #.............#....÷). ##.#
##.#.....#........##### ##.#
##..#.....#........# # ##.#
#...#.....#........# # ##.#
####.#.#..oo.#........#####
##.####......#..zo.#........'....
##.##........#.....#........#####
##.##........#.....#........#####
##.##...##.#.#.....#.....#####..#
##.##...##.#.#.....#.....# ##..P.
##.##.####.#.............# #P..P♣
##.##.####.##########....###PP♣♣P
##....#.............#........P♣.P
#######.##.########.#....÷###....


You could see the friendly Berold the orc apostle, the friendly Boghold the orc
apostle and the friendly Margrim the orc apostle.

Vanquished Creatures
  Cerebov (Pan)
  Antaeus (Coc:7)
  Asmodeus (Geh:7)
  the Royal Jelly (Slime:5)
  Gloorx Vloq (Pan)
  Lom Lobon (Pan)
  the Serpent of Hell (Dis:7)
  8 dread liches
  Dispater (Dis:7)
  4 ancient liches
  3 orbs of fire (Zot:5)
  Mennas (Vaults:4)
  3 juggernauts (Dis:7)
  Sojobo (Depths:2)
  12 shard shrikes
  9 royal mummies
  2 Killer Klowns
  Boris (Crypt:1)
  Geryon (Hell)
  A curse toe (Zot:1)
  8 golden dragons
  9 caustic shrikes
  7 profane servitors
  11 doom hounds
  12 bone dragons
  A shard shrike zombie (Tar:7)
  3 electric golems
  8 iron giants
  8 Tzitzimimeh
  10 Brimstone Fiends
  15 tentacled monstrosities
  4 spectral shard shrikes
  6 hellephants
  16 Ice Fiends
  Mlioglotl (Swamp:2)
  16 Orb Guardians
  7 liches
  17 Hell Sentinels
  13 tainted leviathans
  3 pandemonium lords
  8 acid blobs
  5 deep elf blademasters
  10 searing wretches
  10 titans
  5 death cobs
  3 quicksilver dragons
  2 deep elf master archers (Elf:3)
  21 ancient champions
  9 sphinxes
  15 Executioners
  7 storm dragons
  10 tengu reavers
  Gastronok (D:8)
  9 tentacled starspawn
  12 shadow dragons
  4 revenants
  5 thorn hunters
  Kirke (D:13)
  3 fenstrider witches (Zig:19)
  6 azure jellies
  4 demonspawn warmongers (Pan)
  A fenstrider witch (shapeshifter) (Zot:1)
  A rockslime (shapeshifter) (Zot:1)
  3 draconian monks
  9 nagarajas
  A fire giant (shapeshifter) (Depths:2)
  6 protean progenitors
  30 balrugs
  2 draconian knights (Depths:4)
  6 draconian scorchers
  6 rockslimes
  6 deep elf elementalists
  18 narguns
  8 quicksilver elementals
  Louise (Spider:2)
  4 emperor scorpions
  3 draconian shifters
  A deep elf sorcerer (Elf:3)
  11 frost giants
  9 fire giants
  A caustic shrike zombie (Tar:7)
  7 iron dragons
  3 spectral juggernauts
  9 vault wardens
  12 ghost moths
  3 spectral caustic shrikes
  8 shard shrike simulacra
  6 draconian annihilators
  2 angels
  4 ghouls
  3 formless jellyfish
  3 orc warlords
  3 juggernaut skeletons (Pan)
  3 draconian stormcallers
  7 curse skulls
  13 very ugly things
  10 stone giants
  An ophan (Abyss:3)
  4 demonspawn corrupters
  10 ironbound preservers
  9 cacodemons
  2 broodmothers
  7 ironbound thunderhulks
  17 reapers
  8 deep elf death magi
  2 caustic shrike skeletons
  4 eleionomae
  7 quicksilver oozes
  10 demonspawn blood saints
  9 vampire knights
  4 lorocyprocas (Pan)
  8 deep elf annihilators
  5 demonspawn black suns
  19 elemental wellsprings
  13 green draconians
  13 putrid mouths
  10 white draconians
  4 bunyips
  15 red draconians
  5 purple draconians
  18 war gargoyles
  Azrael (D:13)
  7 black draconians
  3 dire elephants
  12 yellow draconians
  5 deep elf demonologists
  17 wendigos
  2 spectral titans
  3 spark wasps
  5 crystal guardians
  11 iron golems
  8 blizzard demons
  Josephine (D:13)
  10 mummy priests
  3 shambling mangroves (Zig:19)
  2 merfolk impalers (Zig:5)
  8 eidola
  8 jiangshi
  4 entropy weavers
  7 ettins
  12 green deaths
  A kraken zombie (Hell)
  4 fire dragons
  A spectral iron giant (Tar:5)
  7 yaktaur captains
  8 ice dragons
  5 spectral spriggans
  A fenstrider witch zombie (Crypt:1)
  5 rakshasas
  A spriggan air mage (Depths:1)
  4 deep elf high priests
  4 jorogumos
  A quicksilver dragon skeleton (Crypt:3)
  13 alligators
  30 hydras
  4 hell beasts
  A spectral tengu (Zig:16)
  22 vault guards
  A servant of whispers (Zig:20)
  5 peacekeepers
  9 great orbs of eyes
  2 juggernaut simulacra
  17 salamander tyrants
  6 caustic shrike simulacra
  9 centaur warriors
  4 stokers
  4 ogre magi
  2 merfolk avatars
  A radroach (Spider:2)
  4 catoblepae
  A ghost crab (Swamp:4)
  9 ironbound frosthearts
  5 two-headed ogres
  An alligator snapping turtle (shapeshifter) (Zot:1)
  4 anacondas (Zig:17)
  2 spriggan skeletons
  40 dancing weapons
  A death knight (Crypt:2)
  A two-headed ogre (shapeshifter) (Depths:2)
  A satyr (Zig:5)
  3 deep troll shamans
  11 hell hogs
  A merfolk aquamancer (Pan)
  3 naga warriors (Zig:17)
  7 boulder beetles
  A titan zombie (Zig:13)
  5 tengu warriors
  A bennu skeleton (Crypt:2)
  2 spectral dire elephants
  12 thrashing horrors
  8 death yaks
  3 orc high priests
  A shock serpent (shapeshifter) (Depths:4)
  8 death scarabs
  3 occultists
  4 shock serpents
  9 demonic crawlers
  8 vampire magi
  11 deep elf knights
  2 naga sharpshooters (Zig:8)
  3 hell knights
  3 spectral emperor scorpions (Pan)
  25 soul eaters
  16 wretched stars
  A skyshark (shapeshifter) (Vaults:3)
  A spark wasp zombie (Crypt:1)
  13 sixfirhies
  36 sun demons
  4 iron trolls
  2 pharaoh ants (Spider:3)
  6 crystal echidnas
  25 skeletal warriors
  2 salamander mystics
  3 death drakes
  A titan skeleton (Zig:13)
  Sonja (Lair:5)
  3 goliath frogs
  3 bunyip zombies
  5 flayed ghosts
  6 skysharks
  3 spatial maelstroms
  37 large abominations
  31 shadow wraiths
  7 spriggan druids
  2 arcanists
  5 orb spiders
  3 storm dragon skeletons
  4 quicksilver dragon simulacra
  6 deep elf archers
  7 swamp dragons
  A glowing orange brain (shapeshifter) (Depths:2)
  2 mana vipers
  4 shadow demons (Pan)
  5 sun moths
  7 bog bodies
  A spectral hydra (Tar:3)
  2 naga ritualists (Zig:17)
  An anaconda skeleton (Hell)
  A kraken simulacrum (Hell)
  A spectral iron dragon (Tar:6)
  A fenstrider witch simulacrum (Coc:2)
  10 glowing orange brains
  13 ironbound convokers
  9 lindwurms
  2 obsidian statues (Depths:2)
  31 deep trolls
  8 steelbarb worms
  9 necromancers
  10 orc knights
  The ghost of Coo1 the Covert, a novice OpSh of Hepliaklqana (D:7)
  15 phantasmal warriors
  7 nameless horrors
  2 golden dragon skeletons (Zig:13)
  A harpy (shapeshifter) (Depths:2)
  19 deep elf zephyrmancers
  Pikel (D:8)
  18 deep elf pyromancers
  A spectral ettin (Tar:6)
  Maurice (D:7)
  2 fauns (shapeshifter)
  2 salamanders
  2 shining eyes
  15 wolf spiders
  A shining eye (shapeshifter) (Vaults:4)
  6 will-o-the-wisps
  An orc sorcerer (Zig:11)
  27 ugly things
  3 cyclopes
  A manticore (Zig:5)
  An iron dragon skeleton (Tar:7)
  3 meliai (Lair:3)
  A spectral alligator snapping turtle (Tar:3)
  A worldbinder (Abyss:3)
  A mana viper (shapeshifter) (Vaults:5)
  19 moths of wrath
  A dire elephant zombie (Tomb:2)
  4 guardian serpents (Zig:17)
  10 rust devils
  5 titan simulacra
  12 elephants
  5 naga magi
  2 apocalypse crabs
  A formless jellyfish zombie (Crypt:1)
  2 kobold blastminers (Zig:6)
  11 vault sentinels
  2 alligator snapping turtle zombies (Crypt:3)
  11 cane toads
  2 ice statues (Hell)
  7 molten gargoyles
  5 torpor snails
  A shock serpent zombie (Crypt:1)
  37 smoke demons
  4 gargoyles
  9 black mambas
  3 eyes of devastation (Pan)
  Maggie (D:7)
  14 hellions
  A black draconian zombie (Zot:3)
  4 orange demons
  A dire elephant skeleton (Hell)
  A sea snake zombie (Hell)
  A pale draconian zombie (Crypt:1)
  A grey draconian zombie (Crypt:1)
  9 ice devils
  A yaktaur (shapeshifter) (Vaults:5)
  Jeremiah (D:7)
  4 kobold demonologists
  4 anaconda simulacra
  4 efreet
  4 rime drakes
  8 freezing wraiths
  A tengu conjurer (Depths:1)
  A bunyip simulacrum (Coc:2)
  4 red devils
  11 komodo dragons
  A spectral naga (Tar:5)
  2 silent spectres
  12 ancient zymes
  19 yaktaurs
  10 guardian mummies
  A hydra zombie (Hell)
  A minotaur skeleton (Crypt:2)
  A death yak skeleton (Crypt:2)
  2 iron giant simulacra
  3 spectral harpies
  A troll (shapeshifter) (Vaults:5)
  15 tormentors
  3 bloated husks (Zig:19)
  A merfolk (shapeshifter) (Depths:2)
  2 polar bears
  24 hornets
  Grinder (D:5)
  14 wind drakes
  3 raiju
  2 trolls
  A polar bear (shapeshifter) (Elf:2)
  A tengu simulacrum (Coc:1)
  11 tyrant leeches
  A merfolk (Zig:5)
  3 blink frogs
  Prince Ribbit (D:7)
  An alligator simulacrum (Hell)
  A wolf spider simulacrum (Gauntlet)
  2 harpy skeletons
  20 hellwings (Pan)
  A hornet (shapeshifter) (D:13)
  15 tarantellas
  A hydra skeleton (Hell)
  An iron dragon simulacrum (Coc:3)
  An ettin zombie (Tar:7)
  2 glass eyes
  3 stone giant simulacra
  12 jumping spiders
  A merfolk zombie (Crypt:2)
  A vampire (D:13)
  14 water elementals
  Sigmund (D:2)
  15 culicivoras
  34 slime creatures
  12 ynoxinuls
  6 spriggans
  5 air elementals
  2 hogs (D:14)
  4 centaur simulacra
  5 shadows
  9 ushabtiu
  11 wraiths
  6 dire elephant simulacra
  A hog (shapeshifter) (Zig:4)
  A warg (Zig:6)
  45 yaks
  A steam dragon (D:7)
  2 humans
  6 fire elementals
  15 neqoxecs
  2 basilisks
  4 wyverns
  6 golden eyes
  6 vampire mosquitoes
  53 redbacks
  3 chaos spawn (Pan)
  2 nagas (Zig:8)
  8 harpy simulacra
  9 hell hounds
  20 swamp worms
  18 water moccasins
  2 naga skeletons
  3 hydra simulacra
  2 glowing shapeshifter skeletons (Zig:13)
  12 orc warriors
  7 swamp drakes
  7 ice beasts
  An ettin simulacrum (Coc:5)
  3 black bears
  44 laughing skulls
  A boggart (Vaults:1)
  4 centaurs
  10 wolves
  A snapping turtle skeleton (Crypt:2)
  30 starcursed masses
  A lemure (D:8)
  9 ogres
  A lindwurm skeleton (Crypt:2)
  A hog zombie (Crypt:2)
  An elf zombie (Elf:1)
  4 kobold brigands
  A phantom (D:7)
  5 weeping skulls
  17 bullfrogs
  A brain worm (Abyss:3)
  A gnoll sergeant (D:11)
  5 earth elementals
  16 small abominations
  3 scorpions
  6 two-headed ogre simulacra (IceCv)
  A cane toad simulacrum (IceCv)
  7 wights
  2 elephant simulacra (IceCv)
  13 killer bees
  9 howler monkeys
  5 jellies
  3 electric eels
  A bombardier beetle (D:4)
  2 hounds
  Crazy Yiuf (D:7)
  A gnoll bouda (D:4)
  A sleepcap (D:4)
  8 orc priests
  14 hell rats
  Natasha (thrice) (D:2)
  6 iguanas
  9 orc wizards
  5 troll simulacra (IceCv)
  A polar bear simulacrum (IceCv)
  3 spriggan simulacra
  A hound skeleton (Crypt:1)
  24 mummies
  Robin (D:2)
  15 gnolls
  5 adders
  5 naga simulacra (IceCv)
  5 white imps
  8 ufetubi
  An adder zombie (Crypt:2)
  2 dart slugs
  6 ribbon worms
  18 orcs
  5 endoplasms
  3 giant cockroaches
  12 hobgoblins
  2 quokkas
  10 ball pythons
  A ball python zombie (Crypt:1)
  6 bats
  8 frilled lizards
  23 goblins
  26 kobolds
  7 rats
  2 rat zombies
  9 ball lightnings
  3 creeping infernos
  2 fire vortices (Pan)
  2 lurking horrors
  8 starspawn tentacles
  6 tentacles (Hell)
3067 creatures vanquished.

Vanquished Creatures (collateral kills)
  Ereshkigal (Tar:7)
  Dissolution (Slime:3)
  Mnoleg (Pan)
  3 ancient liches
  Frederick (Vaults:2)
  4 dread liches
  3 orbs of fire
  10 royal mummies
  Boris (Tomb:3)
  15 shard shrikes
  3 Killer Klowns
  13 caustic shrikes
  3 profane servitors
  2 golden dragons
  10 bone dragons
  3 doom hounds
  5 Brimstone Fiends
  2 pandemonium lords
  13 Tzitzimimeh
  An electric golem (Zot:1)
  2 iron giants (Dis:7)
  6 tentacled monstrosities
  A hellephant (Geh:5)
  5 Hell Sentinels
  11 Orb Guardians
  A walking earthen tome (Depths:4)
  3 Ice Fiends
  5 searing wretches
  An orc apostle (Coc:6)
  7 acid blobs
  10 tainted leviathans
  6 titans
  2 quicksilver dragons
  2 sphinxes
  2 Executioners (Pan)
  The ghost of Dorkslayer the Severer, an adept MDFi of the Shining One (Depths:1)
  17 ancient champions
  A thorn hunter (Swamp:3)
  3 shadow dragons (Vaults:5)
  4 death cobs
  6 storm dragons
  2 storm dragons (shapeshifter) (Zot:1)
  2 tengu reavers
  3 rockslimes
  3 narguns
  3 draconian monks
  4 protean progenitors
  5 demonspawn warmongers (Pan)
  7 azure jellies
  5 iron dragons
  2 draconian scorchers
  5 draconian shifters
  2 draconian knights
  3 frost giants
  A fire giant (Geh:7)
  2 emperor scorpions
  8 ghost moths
  2 deep elf sorcerers (Elf:3)
  3 vault wardens
  4 quicksilver elementals
  4 draconian stormcallers
  A caustic shrike zombie (Tomb:2)
  A deep elf elementalist (Elf:3)
  5 balrugs
  10 reapers
  A ghoul (Crypt:3)
  4 shard shrike simulacra
  2 caustic shrike skeletons
  A demonspawn corrupter (Pan)
  5 draconian annihilators
  7 cacodemons (Pan)
  An azure jelly (shapeshifter) (Depths:2)
  A spriggan defender (Depths:2)
  6 quicksilver oozes
  A juggernaut skeleton (Pan)
  A very ugly thing (shapeshifter) (Zot:1)
  3 ironbound preservers
  8 stone giants
  7 very ugly things
  4 ironbound thunderhulks
  3 putrid mouths
  2 formless jellyfish
  5 bennus (Tomb:3)
  6 green draconians
  15 elemental wellsprings
  4 black draconians
  6 demonspawn black suns (Pan)
  2 deep elf demonologists (Elf:3)
  7 wendigos
  The ghost of yapang the Toxicologist, a journeyman DrAl of Gozag (Lair:5)
  16 war gargoyles
  5 white draconians
  3 lorocyprocas (Pan)
  2 purple draconians
  3 red draconians
  6 yellow draconians
  A minotaur (Gauntlet)
  3 spark wasps (Spider:4)
  2 iron golems
  5 deep elf annihilators
  10 blizzard demons
  17 mummy priests
  2 crystal guardians (Crypt:3)
  3 ettins
  5 eidola
  A quicksilver dragon zombie (Tomb:3)
  A fire dragon (Depths:1)
  5 green deaths (Pan)
  2 deep elf high priests
  A merfolk javelineer (Depths:3)
  5 entropy weavers
  2 ice dragons (Depths:3)
  2 yaktaur captains
  2 shambling mangroves (Swamp:4)
  4 hydras
  6 great orbs of eyes
  6 rakshasas
  A jorogumo (Pan)
  A quicksilver dragon skeleton (Tar:7)
  4 centaur warriors
  2 salamander tyrants
  2 caustic shrike simulacra
  3 ogre magi
  3 boulder beetles
  4 ironbound frosthearts
  21 vault guards
  A spriggan skeleton (Tomb:2)
  2 spriggan air magi (Depths:3)
  A stoker (Geh:4)
  18 dancing weapons
  2 satyrs (Pan)
  An alligator (Depths:4)
  A radroach (shapeshifter) (Depths:2)
  15 two-headed ogres (Orc:2)
  A tengu warrior (D:15)
  37 death scarabs
  3 orc high priests
  5 hell hogs
  3 death yaks
  A demonic crawler (Pan)
  A spriggan berserker (Depths:2)
  19 sun demons
  7 deep elf knights
  7 soul eaters (Pan)
  A spriggan (Swamp:4)
  5 hell knights
  4 crystal echidnas
  Amaemon (Lair:1)
  13 sixfirhies
  2 iron trolls
  8 skeletal warriors
  A storm dragon skeleton (Crypt:3)
  An iron giant zombie (Tar:7)
  A wretched star (Depths:2)
  15 shadow wraiths (Tar:7)
  A hellephant skeleton (Pan)
  2 death drakes (Zot:1)
  A cherub (Pan)
  A quicksilver dragon simulacrum (Coc:1)
  2 arcanists
  2 skysharks
  An orb spider (shapeshifter) (Depths:2)
  3 orb spiders (Spider:4)
  5 swamp dragons
  3 glowing orange brains
  14 deep trolls
  A sun moth (Pan)
  4 ironbound convokers
  An obsidian statue (Depths:2)
  An orange crystal statue (Depths:2)
  A bog body (Crypt:3)
  4 deep elf archers
  6 shadow demons (Pan)
  3 harpies (Vaults:2)
  4 lindwurms
  7 deep elf zephyrmancers
  9 orc knights
  2 necromancers (Crypt:3)
  2 steelbarb worms
  7 wolf spiders
  6 deep elf pyromancers
  8 ugly things
  A shining eye (Pan)
  A cyclops (D:13)
  4 orc sorcerers
  2 salamanders (Depths:4)
  A naga zombie (Tomb:2)
  8 moths of wrath
  6 elephants
  A dire elephant zombie (Crypt:3)
  A rust devil (Depths:2)
  5 large abominations
  A kobold blastminer (Orc:2)
  40 slime creatures
  A toenail golem (D:15)
  3 black mambas (Lair:2)
  11 smoke demons
  4 molten gargoyles (Geh:7)
  A water nymph (shapeshifter) (Vaults:1)
  7 vault sentinels
  4 eyes of devastation
  10 orange demons
  An apocalypse crab (Zig:4)
  A gargoyle (D:14)
  2 titan simulacra
  3 torpor snails
  7 yaktaurs (Vaults:1)
  2 ice statues
  9 hellions
  A rime drake (Lair:5)
  A cane toad (Lair:5)
  An ice devil (Lair:2)
  2 bunyip simulacra
  4 efreet
  A golden dragon simulacrum (Coc:4)
  10 tormentors
  A tengu conjurer (Depths:2)
  A kobold demonologist (D:11)
  2 komodo dragons
  A red devil (Pan)
  A yaktaur (shapeshifter) (Depths:2)
  21 guardian mummies
  A troll (shapeshifter) (Vaults:5)
  2 trolls
  2 polar bears
  2 wind drakes (Pan)
  16 hellwings (Pan)
  4 hornets
  2 glass eyes (Pan)
  3 tarantellas
  A tyrant leech (Lair:2)
  2 harpy skeletons
  2 raiju (Depths:2)
  2 blink frogs (Abyss:5)
  An ettin zombie (Crypt:3)
  2 air elementals
  10 culicivoras
  A fire dragon zombie (Crypt:3)
  A naga simulacrum (Coc:2)
  14 jumping spiders
  A wyvern (Lair:3)
  6 ynoxinuls (Pan)
  A water elemental (Depths:3)
  A shadow (Gauntlet)
  2 dire elephant simulacra
  7 yaks
  7 fire elementals
  7 ushabtiu
  2 basilisks
  A human (D:14)
  7 golden eyes
  10 neqoxecs (Pan)
  24 redbacks
  A vampire mosquito (D:12)
  7 chaos spawn (Pan)
  A warg (Orc:1)
  2 death yak simulacra (IceCv)
  3 hell hounds (Pan)
  4 small abominations (Elf:1)
  A swamp worm (Lair:2)
  2 harpy simulacra
  An acid dragon (D:11)
  6 water moccasins
  4 orc warriors
  2 swamp drakes (Swamp:4)
  An ice beast (D:11)
  23 ogres (Orc:2)
  2 black bears
  3 boggarts (Vaults:1)
  4 laughing skulls (Crypt:3)
  10 wolves
  3 centaurs
  4 earth elementals
  2 bullfrogs
  2 elf zombies (Elf:1)
  A gnoll sergeant (D:12)
  A two-headed ogre simulacrum (IceCv)
  An elephant simulacrum (IceCv)
  A swamp dragon simulacrum (Coc:2)
  2 electric eels (D:12)
  A howler monkey (D:12)
  A quasit (Pan)
  6 orc priests
  An orc wizard (D:11)
  2 spriggan simulacra
  3 polar bear simulacra (IceCv)
  23 mummies
  3 gnolls (D:11)
  3 white imps (IceCv)
  2 ufetubi (IceCv)
  3 orcs
  An endoplasm (D:1)
  2 kobolds (D:11)
  2 aspiring fleshes
  2 ball lightnings
  A creeping inferno (Geh:2)
  3 fire vortices
  4 spectral weapons (Zig:4)
1305 creatures vanquished.

Vanquished Creatures (others)
  A pandemonium lord (Pan)
  6 shard shrikes
  3 caustic shrikes
  A Brimstone Fiend (Pan)
  A Tzitzimitl (Pan)
  2 Orb Guardians (Zot:5)
  A titan (Coc:7)
  A searing wretch (Geh:5)
  2 Executioners (Pan)
  2 eldritch tentacles (Pan)
  A revenant (Tomb:3)
  A protean progenitor (Pan)
  A demonspawn warmonger (Pan)
  A fire giant (Geh:7)
  A frost giant (Coc:3)
  A ghost moth (Pan)
  16 orc warlords
  2 shard shrike simulacra
  A reaper (Pan)
  A demonspawn blood saint (Pan)
  A black draconian (Zot:1)
  3 demonspawn black suns (Pan)
  3 bennus (Tomb:3)
  An elemental wellspring (Coc:6)
  2 spark wasps
  2 blizzard demons (Pan)
  An ettin (Geh:5)
  4 green deaths (Pan)
  The ghost of rotlqkf the Destroyer, a journeyman AtCj of Vehumet (Orc:2)
  A great orb of eyes (Pan)
  3 juggernaut simulacra
  A caustic shrike simulacrum (Coc:2)
  2 salamander tyrants (Geh:7)
  4 death scarabs (Tomb:3)
  3 hell hogs
  A tengu warrior (D:12)
  15 orc high priests
  84 orc apostles
  4 sun demons (Pan)
  A deep elf knight (Elf:2)
  An iron troll (Geh:5)
  A titan skeleton (Tomb:3)
  2 sixfirhies (Pan)
  A skeletal warrior (Tomb:3)
  A goliath frog (Zig:19)
  A quicksilver dragon simulacrum (Coc:4)
  A spriggan simulacrum (Coc:6)
  A glowing orange brain (Depths:2)
  29 orc knights
  A deep elf pyromancer (Elf:3)
  3 deep elf zephyrmancers
  2 large abominations (Pan)
  An ugly thing (Depths:2)
  An alligator skeleton (Hell)
  A will-o-the-wisp (Zig:19)
  A kobold blastminer (Zig:6)
  2 moths of wrath
  A titan simulacrum (Coc:5)
  7 smoke demons (Pan)
  9 hellions
  4 tormentors
  A golden dragon simulacrum (Coc:3)
  A tengu conjurer (Depths:1)
  A komodo dragon (Lair:3)
  3 guardian mummies (Tomb:3)
  A red devil (Pan)
  A bloated husk (Swamp:2)
  3 hellwings (Pan)
  2 wind drakes (Pan)
  A tarantella (Spider:4)
  A vampire (D:9)
  2 dire elephant simulacra (Coc:2)
  2 ynoxinuls (Pan)
  2 humans (D:14)
  An ushabti (Tomb:2)
  A naga simulacrum (Coc:3)
  2 neqoxecs (Pan)
  An alligator snapping turtle simulacrum (Coc:3)
  5 harpy simulacra
  3 chaos spawn (Pan)
  A hydra simulacrum (Coc:7)
  2 swamp worms
  23 orc warriors
  A laughing skull (Crypt:3)
  An ettin simulacrum (Coc:2)
  A boggart (Vaults:1)
  A nameless horror (Slime:5)
  A small abomination (Abyss:3)
  28 orc priests
  An orc wizard (Orc:1)
  11 orcs
  134 ball lightnings
  3 fire vortices
  157 foxfires
  3 lurking horrors
  24 starspawn tentacles
  10 tentacles (Hell)
690 creatures vanquished.

Grand Total: 5062 creatures vanquished

Notes
Turn   | Place    | Note
-------+----------+-------------------------------------------
     0 | D:1      | december12 the Barachi Artificer began the quest for the
                  | Orb.
     0 | D:1      | Reached XP level 1. HP: 15/15 MP: 1/1
    44 | D:1      | Reached XP level 2. HP: 12/22 MP: 2/2
   194 | D:1      | Reached XP level 3. HP: 28/28 MP: 3/3
   709 | D:1      | Reached XP level 4. HP: 33/37 MP: 4/4
  1658 | D:2      | Identified the +8 dagger "Embalmer" {flame, rF+ Will+ Int+3
                  | Dex+3}
  1872 | D:2      | Reached skill level 5 in Fighting
  1873 | D:2      | Noticed Robin
  1874 | D:2      | Reached XP level 5. HP: 41/44 MP: 5/5
  1891 | D:2      | Killed Robin
  1994 | D:2      | Noticed Sigmund
  2163 | D:2      | Killed Sigmund
  2164 | D:2      | Reached XP level 6. HP: 7/55 MP: 6/6
  2482 | D:2      | Noticed Natasha
  2490 | D:2      | Killed Natasha
  2638 | D:2      | Noticed Natasha
  2644 | D:2      | Killed Natasha
  3206 | D:2      | Noticed Natasha
  3212 | D:2      | Killed Natasha
  3502 | D:3      | Reached XP level 7. HP: 61/62 MP: 7/7
  3546 | D:3      | Found an ornate altar of the Wu Jian Council.
  3612 | D:3      | Got Kikubaaqudgha's Lectures on Misery
  3815 | D:3      | Found a radiant altar of Vehumet.
  3908 | D:3      | Found a sacrificial altar of Ru.
  4387 | D:4      | Became a worshipper of Beogh the Shepherd
  4465 | D:4      | Reached skill level 1 in Long Blades
  4492 | D:4      | Found a glowing golden altar of the Shining One.
  4899 | D:5      | Entered Level 5 of the Dungeon
  4928 | D:5      | Found a staircase to the Ecumenical Temple.
  4990 | D:5      | Reached XP level 8. HP: 55/71 MP: 8/8
  5435 | D:5      | Noticed Grinder
  5445 | D:5      | Killed Grinder
  5490 | D:5      | Identified the +1 helmet of Miucof {rElec}
  5914 | D:6      | Reached * piety under Beogh
  5919 | D:6      | Reached skill level 5 in Long Blades
  5924 | D:6      | Reached skill level 5 in Dodging
  5948 | D:6      | Reached XP level 9. HP: 33/78 MP: 9/9
  6662 | D:6      | Reached skill level 10 in Fighting
  6913 | D:7      | Found a flagged portal.
  6935 | Bailey   | Entered a bailey
  7117 | Bailey   | Reached ** piety under Beogh
  7158 | Bailey   | Noticed a vault guard
  7182 | Bailey   | Killed a vault guard
  7183 | Bailey   | Reached XP level 10. HP: 70/86 MP: 10/10
  7253 | Bailey   | Noticed a vault guard
  7281 | Bailey   | Killed a vault guard
  7430 | D:7      | Noticed Maurice
  7434 | D:7      | Killed Maurice
  7698 | D:7      | Noticed Prince Ribbit
  7709 | D:7      | Killed Prince Ribbit
  7930 | D:7      | Found a shadowy altar of Dithmenos.
  7931 | D:7      | Found an opulent altar of Gozag.
  7931 | D:7      | Noticed Jeremiah
  7940 | D:7      | Killed Jeremiah
  7941 | D:7      | Reached skill level 10 in Long Blades
  8110 | D:7      | Noticed Maggie
  8120 | D:7      | Killed Maggie
  8383 | D:7      | Found a runed translucent door.
  8383 | D:7      | Found a shimmering altar of Xom.
  8383 | D:7      | Noticed Coo1's ghost (novice OpSh)
  8384 | D:7      | Noticed a +2 rapier of chaos
  8401 | D:7      | Found a runed translucent door.
  8402 | D:7      | Noticed Crazy Yiuf
  8541 | D:8      | Noticed Pikel
  8553 | D:8      | Killed Pikel
  8554 | D:8      | Reached XP level 11. HP: 72/95 MP: 11/11
  8556 | D:8      | Noticed Gastronok
  8614 | D:8      | Reached *** piety under Beogh
  8636 | D:7      | Noticed Agrik
  8664 | D:7      | Anointed Agrik the wizard as your apostle
  8875 | D:8      | Your ally Agrik died
  8923 | D:8      | Found a burning altar of Makhleb.
  9314 | D:9      | Reached skill level 1 in Invocations
  9417 | D:9      | Found an iron altar of Okawaru.
  9443 | D:9      | Found a stormy altar of Qazlal.
  9614 | D:9      | Found Taehunakk's Assorted Antiques.
  9626 | D:9      | Bought a fizzy grey potion for 26 gold pieces
  9626 | D:9      | Bought a puce potion for 26 gold pieces
  9626 | D:9      | Bought a runed bone wand for 116 gold pieces
  9626 | D:9      | Bought a glass wand for 116 gold pieces
  9626 | D:9      | Bought a scroll of identify for 58 gold pieces
  9691 | D:9      | Found a bloodstained altar of Trog.
  9789 | D:9      | Found a basalt altar of Yredelemnul.
 10051 | D:9      | Noticed Oreg
 10064 | D:9      | Anointed Oreg the priest as your apostle
 10500 | D:10     | Entered Level 10 of the Dungeon
 10562 | D:10     | Noticed a two-headed ogre
 10572 | D:10     | Killed a two-headed ogre
 10638 | D:10     | Found a shimmering blue altar of Sif Muna.
 10698 | D:10     | Reached skill level 5 in Armour
 10775 | D:10     | Reached **** piety under Beogh
 10776 | D:10     | Reached skill level 10 in Dodging
 11287 | D:8      | Paralysed by a hornet for 3 turns
 11401 | D:8      | Found Anlyont's Magic Scroll Shop.
 11457 | D:8      | Killed Gastronok
 11811 | D:11     | Noticed a sixfirhy
 11828 | D:11     | Reached XP level 12. HP: 84/103 MP: 14/14
 12065 | D:11     | Found a staircase to the Lair.
 12171 | D:11     | Noticed a boulder beetle
 12185 | D:11     | Killed a boulder beetle
 12470 | D:12     | Got Rysef's Spellcraft in Simple Steps
 12482 | D:12     | Noticed a boulder beetle
 12497 | D:12     | Killed a boulder beetle
 12613 | D:12     | Your ally Agrik died
 13042 | D:12     | Anointed Koronagh the warrior as your apostle
 13053 | D:12     | Found a staircase to the Orcish Mines.
 13198 | D:12     | Noticed a tengu warrior
 13198 | D:12     | Noticed a tengu warrior
 13217 | D:12     | Killed a tengu warrior
 13287 | D:12     | Identified the +0 robe "Hofi" {rElec Will++}
 13315 | D:12     | Noticed a boulder beetle
 13329 | D:12     | Killed a boulder beetle
 13569 | D:13     | Noticed a centaur warrior
 13582 | D:13     | Killed a centaur warrior
 13590 | D:13     | Noticed an eight-headed hydra
 13595 | D:13     | Reached ***** piety under Beogh
 13596 | D:13     | Paralysed by a hornet for 1 turns
 13598 | D:13     | Your ally Oreg died
 13600 | D:13     | Gained mutation: You can hop long distances. [Barachi
                  | growth]
 13600 | D:13     | Reached XP level 13. HP: 54/111 MP: 16/16
 13604 | D:13     | Your ally Koronagh died
 14395 | D:13     | Noticed Azrael
 14423 | D:13     | Killed Azrael
 14840 | D:13     | Reached skill level 15 in Long Blades
 14867 | D:13     | Found Vahagn's Dragon-Slaying Spoils.
 15008 | D:14     | Reached skill level 5 in Invocations
 15233 | D:14     | Noticed Josephine
 15265 | D:13     | Killed Josephine
 15543 | D:14     | Noticed Kirke
 15573 | D:13     | Killed Kirke
 16126 | D:14     | Your ally Koronagh died
 16592 | D:14     | Noticed a vault guard
 16598 | D:14     | Noticed an ironbound thunderhulk
 16599 | D:14     | Reached XP level 14. HP: 120/120 MP: 18/18
 16608 | D:14     | Killed an ironbound thunderhulk
 17119 | D:14     | Found a gate to the Vaults.
 17213 | D:14     | Paralysed by a hornet for 1 turns
 17248 | D:14     | Paralysed by a hornet for 2 turns
 17249 | D:14     | Your ally Koronagh died
 17494 | D:15     | Entered Level 15 of the Dungeon
 17540 | D:15     | Your ally Agrik died
 18571 | D:15     | Your ally Oreg died
 18650 | D:15     | Reached skill level 15 in Fighting
 18746 | D:15     | Found a sparkling altar of Nemelex Xobeh.
 18808 | D:15     | Reached skill level 15 in Dodging
 18839 | D:15     | Anointed Arbeogh the priest as your apostle
 19476 | D:15     | Found a staircase to the Depths.
 19476 | D:15     | Noticed a stone giant
 19488 | D:15     | Killed a stone giant
 19770 | D:7      | Killed Crazy Yiuf
 19913 | Lair:1   | Entered Level 1 of the Lair of Beasts
 19983 | Lair:1   | Found a gate leading to a gauntlet.
 20006 | Gauntlet | Entered a Gauntlet
 20006 | Gauntlet | Found a transporter.
 20017 | Gauntlet | Found a transporter.
 20020 | Gauntlet | Found a transporter.
 20021 | Gauntlet | Found a transporter.
 20029 | Gauntlet | Found a transporter.
 20032 | Gauntlet | Found a transporter.
 20033 | Gauntlet | Found a transporter.
 20041 | Gauntlet | Found a transporter.
 20044 | Gauntlet | Found a transporter.
 20045 | Gauntlet | Found a transporter.
 20049 | Gauntlet | Found a runed translucent door.
 20051 | Gauntlet | Found a runed translucent door.
 20052 | Gauntlet | Found the dreamshard necklace {Acrobat *Dream}
 20053 | Gauntlet | Found a transporter.
 20056 | Gauntlet | Found a transporter.
 20057 | Gauntlet | Found a transporter.
 20065 | Gauntlet | Found a transporter.
 20066 | Gauntlet | Noticed a dire elephant
 20187 | Gauntlet | Reached XP level 15. HP: 112/129 MP: 17/21
 21247 | Lair:1   | Noticed Amaemon
 21254 | Lair:1   | Killed Amaemon
 21298 | Lair:1   | Identified the +0 war axe "Stringbean" {drain, rPois rN+}
 21904 | Lair:2   | Found a frozen archway.
 21937 | IceCv    | Entered an ice cave
 22299 | IceCv    | Identified the +0 pair of boots "Sopuh" {rC+ rCorr Int+3
                  | Dex-5}
 22661 | IceCv    | Reached ****** piety under Beogh
 22749 | Lair:2   | Identified the +3 dagger of Eternal War {speed, rF++}
 23344 | Lair:2   | Found a staircase to the Swamp.
 23731 | Lair:3   | Reached skill level 10 in Invocations
 23800 | Lair:3   | Identified the serpent talisman "Ymosufurph" {Dex+2 Slay-6
                  | Stlth+}
 23838 | Lair:3   | Found a hole to the Spider Nest.
 23846 | Lair:3   | Your ally Koronagh died
 24272 | Lair:4   | Your ally Oreg died
 24336 | Lair:4   | Found a staircase to the Slime Pits.
 24336 | Lair:4   | Found a viscous altar of Jiyva.
 24375 | Lair:4   | Reached skill level 10 in Armour
 25020 | Lair:5   | Entered Level 5 of the Lair of Beasts
 25174 | Lair:4   | Reached XP level 16. HP: 122/137 MP: 23/23
 25530 | Lair:5   | Noticed Sonja
 25537 | Lair:5   | Killed Sonja
 25716 | Lair:5   | Found a runed translucent door.
 25718 | Lair:5   | Noticed yapang's ghost (journeyman DrAl)
 25773 | Lair:5   | Killed yapang's ghost
 25779 | Lair:5   | Identified the +4 plate armour of Duty {rC+ Str+3 Int+6
                  | Stlth-}
 26083 | Lair:5   | Your ally Arbeogh died
 26113 | Lair:5   | Your ally Oreg died
 26293 | Lair:5   | Identified the staff "Killer Klown's Bane" {*Slow rPois rN+
                  | Dex+4 Alchemy}
 26627 | Orc:1    | Entered Level 1 of the Orcish Mines
 26627 | Orc:1    | Found a radiant altar of Vehumet.
 26991 | Orc:2    | Entered Level 2 of the Orcish Mines
 27013 | Orc:2    | Found a staircase to the Elven Halls.
 27018 | Orc:2    | Found a transporter.
 27080 | Orc:2    | Found a bloodstained altar of Trog.
 27080 | Orc:2    | Noticed rotlqkf's ghost (journeyman AtCj)
 27105 | Orc:2    | Your ally Koronagh died
 27149 | Orc:2    | Found Vosch's Antique Armour Boutique.
 27149 | Orc:2    | Found Dabropp's General Store.
 27150 | Orc:2    | Found Suhik's Magic Scroll Shoppe.
 27150 | Orc:2    | Found Hes Atan's Weapon Shop.
 27160 | Orc:2    | Bought a scroll of vulnerability for 64 gold pieces
 27160 | Orc:2    | Bought a scroll of revelation for 120 gold pieces
 27160 | Orc:2    | Bought a scroll of identify for 32 gold pieces
 27160 | Orc:2    | Bought a scroll of identify for 32 gold pieces
 27160 | Orc:2    | Bought a scroll of identify for 32 gold pieces
 27162 | Orc:2    | Identified 4 scrolls of acquirement
 27208 | Orc:2    | Anointed Blodwig the warrior as your apostle
 27321 | Orc:2    | Found a transporter.
 27583 | Orc:2    | Your ally Oreg died
 27583 | Orc:2    | Your ally Blodwig died
 27585 | Orc:2    | Your ally Koronagh died
 27592 | Orc:2    | Killed rotlqkf's ghost
 27598 | Orc:2    | Identified the +0 pair of boots "Paewkiw" {Int+2}
 27774 | Orc:2    | Was placed under penance by Beogh
 28080 | D:7      | Killed Coo1's ghost
 28092 | D:7      | Acquired a manual of Armour
 28094 | D:7      | Acquired a manual of Alchemy
 28096 | D:7      | Acquired 1093 gold pieces
 28098 | D:7      | Acquired the ring "Isi Yxourph" {rElec rC+ MP+9}
 28295 | Spider:1 | Entered Level 1 of the Spider Nest
 28358 | Swamp:1  | Entered Level 1 of the Swamp
 28442 | Swamp:1  | Was forgiven by Beogh
 29094 | Swamp:2  | Noticed a thorn hunter
 29119 | Swamp:1  | Reached XP level 17. HP: 39/145 MP: 26/26
 29528 | Swamp:2  | Noticed Mlioglotl
 29547 | Swamp:2  | Killed Mlioglotl
 30538 | Swamp:3  | Found the +8 demon trident "Rift" {distort, reach+}
 31287 | Swamp:4  | Entered Level 4 of the Swamp
 31311 | Swamp:4  | Reached skill level 1 in Spellcasting
 31510 | Swamp:3  | Your ally Oreg died
 31866 | Swamp:4  | Your ally Koronagh died
 31869 | Swamp:4  | Your ally Blodwig died
 31895 | Swamp:4  | Got a decaying rune of Zot
 33696 | Lair:3   | Anointed Marbork the warrior as your apostle
 33795 | Spider:1 | Reached XP level 18. HP: 143/155 MP: 28/28
 33868 | Spider:1 | Found a roughly hewn altar of Beogh.
 33885 | Spider:1 | Identified the +11 scimitar of Furhyed {holy, rElec rPois
                  | rC+}
 34205 | Spider:1 | Your ally Marbork died
 34508 | Spider:2 | Your ally Oreg died
 34555 | Spider:2 | Noticed Louise
 34556 | Spider:2 | Your ally Blodwig died
 34582 | Spider:2 | Killed Louise
 36160 | Spider:3 | Reached skill level 15 in Armour
 36196 | Spider:3 | Reached skill level 5 in Spellcasting
 36238 | Spider:3 | Your ally Oreg died
 36246 | Spider:3 | Identified the +6 dagger "Lolig" {drain, *Slow rC++ Str-3
                  | SInv}
 36777 | Spider:3 | Your ally Marbork died
 36777 | Spider:3 | Your ally Blodwig died
 37533 | Spider:4 | Entered Level 4 of the Spider Nest
 38250 | Spider:4 | Reached skill level 15 in Invocations
 38360 | Spider:4 | Reached XP level 19. HP: 136/163 MP: 0/30
 38738 | Spider:4 | Your ally Blodwig died
 38742 | Spider:4 | Your ally Oreg died
 39427 | Spider:4 | Reached skill level 1 in Alchemy
 39454 | Spider:4 | Got a gossamer rune of Zot
 39478 | Spider:4 | Identified the +6 morningstar "Xihilutt" {heavy, rPois rF+}
 39756 | D:9      | Bought a glowing orb for 348 gold pieces
 39756 | D:9      | Bought a potion of heal wounds for 145 gold pieces
 39883 | Elf:1    | Entered Level 1 of the Elven Halls
 40002 | Elf:1    | Reached skill level 5 in Alchemy
 40130 | Elf:1    | Paralysed by an air elemental for 1 turns
 40136 | Elf:1    | Paralysed by an air elemental for 1 turns
 40140 | Elf:1    | Paralysed by an air elemental for 1 turns
 40283 | Elf:1    | Reached skill level 10 in Spellcasting
 40530 | Elf:1    | Identified the +0 great sword of the Shore {heavy, rCorr
                  | Stlth+}
 40613 | Elf:1    | Found Nored's Distillery.
 40619 | Elf:1    | Bought a potion of heal wounds for 60 gold pieces
 40619 | Elf:1    | Bought a potion of heal wounds for 60 gold pieces
 40651 | Elf:1    | Your ally Blodwig died
 40656 | Elf:1    | Your ally Oreg died
 40659 | Elf:1    | Anointed Agrik the warrior as your apostle
 41680 | D:8      | Bought a scroll of teleportation for 39 gold pieces
 41680 | D:8      | Bought a scroll of teleportation for 39 gold pieces
 41680 | D:8      | Bought a scroll of teleportation for 39 gold pieces
 41680 | D:8      | Bought a scroll of enchant weapon for 97 gold pieces
 41680 | D:8      | Bought a scroll of teleportation for 39 gold pieces
 41680 | D:8      | Bought 2 scrolls of blinking for 195 gold pieces
 42240 | Elf:2    | Your ally Agrik died
 42253 | Elf:2    | Paralysed by an air elemental for 1 turns
 42365 | Elf:2    | Found a runed translucent gate.
 42365 | Elf:2    | Found a runed translucent gate.
 42366 | Elf:2    | Found a runed translucent gate.
 42388 | Elf:2    | Found a runed translucent gate.
 42388 | Elf:2    | Found a runed translucent gate.
 42388 | Elf:2    | Found a runed translucent gate.
 42390 | Elf:2    | Noticed a tentacled monstrosity
 42391 | Elf:2    | Noticed a tentacled monstrosity
 42936 | Elf:2    | Reached XP level 20. HP: 118/165 MP: 36/36
 42987 | Elf:2    | Your ally Oreg died
 43604 | Elf:3    | Entered Level 3 of the Elven Halls
 44190 | Elf:3    | Identified the +0 robe of Philately {rCorr Dex+2}
 44424 | Elf:3    | Found a roughly hewn altar of Beogh.
 44881 | Elf:3    | Noticed a Brimstone Fiend
 44887 | Elf:3    | Your ally Blodwig died
 45129 | Elf:3    | Your ally Agrik died
 45130 | Abyss:3  | Cast into level 3 of the Abyss (a deep elf sorcerer)
 45218 | Elf:3    | Escaped the Abyss
 45222 | Elf:3    | Your ally Oreg died
 45518 | Abyss:3  | Cast into level 3 of the Abyss (a deep elf sorcerer)
 45999 | Abyss:3  | Learned a level 4 spell: Olgreb's Toxic Radiance
 46068 | Abyss:3  | Gained mutation: You occasionally lose the ability to read
                  | scrolls when taking damage. [a neqoxec]
 46072 | Abyss:3  | Gained mutation: Armour fits poorly on your strangely
                  | shaped body. [a neqoxec]
 46574 | Abyss:3  | Reached skill level 15 in Spellcasting
 46640 | Abyss:3  | Reached skill level 10 in Alchemy
 46642 | Elf:3    | Escaped the Abyss
 46644 | Elf:3    | Identified the ring "Fypoeb" {rPois Slay+4 Stlth+}
 47191 | Elf:3    | Identified the +5 spear of Uskayaw {freeze, rElec}
 47611 | Elf:3    | Identified the +1 robe of the Big Bang {Harm Int-3 Dex+9}
 47905 | Elf:3    | Identified the staff "Ekedubbagh" {rC+ Tloc Ice}
 48044 | Elf:3    | Identified the +7 longbow of Corpus Delicti {freeze, SInv}
 48113 | Elf:3    | Your ally Oreg died
 48419 | Vaults:1 | Entered Level 1 of the Vaults
 48852 | Abyss:3  | Cast into level 3 of the Abyss (vault guard)
 49021 | Abyss:3  | Reached XP level 21. HP: 123/171 MP: 40/40
 49117 | Abyss:4  | Noticed a bone dragon
 49140 | Abyss:4  | Killed a bone dragon
 49679 | Abyss:4  | Noticed a dread lich
 49710 | Abyss:4  | Killed a dread lich
 49713 | Vaults:1 | Escaped the Abyss
 49907 | Vaults:1 | Found Abazaoc's Armour Emporium.
 50002 | Vaults:1 | Identified the +0 falchion of Sebruxt {heavy, ^Fragile
                  | rPois rF+}
 50157 | Vaults:1 | Learned a level 5 spell: Summon Mana Viper
 50158 | Vaults:1 | Lost mutation: Armour fits poorly on your strangely shaped
                  | body. [potion of mutation]
 50158 | Vaults:1 | Lost mutation: You occasionally lose the ability to read
                  | scrolls when taking damage. [potion of mutation]
 50158 | Vaults:1 | Gained mutation: You are strong-willed. (Will+) [potion of
                  | mutation]
 50203 | Vaults:1 | Your ally Oreg died
 50228 | Vaults:1 | Reached skill level 1 in Hexes
 50233 | Vaults:1 | Reached skill level 1 in Shapeshifting
 50617 | Vaults:1 | You fall into a shaft and drop 1 floor!
 51708 | Vaults:2 | Identified the orb of Tenacity {*channel, Necro}
 51708 | Vaults:2 | Noticed Frederick
 51713 | Vaults:2 | Your ally Oreg died
 51718 | Vaults:2 | Killed Frederick
 51735 | Vaults:2 | Your ally Blodwig died
 52064 | Vaults:2 | Identified the +8 dagger of Ryjalo Ycau {freeze, rN+}
 52076 | Vaults:2 | Your ally Agrik died
 52373 | Vaults:3 | Reached skill level 5 in Hexes
 52803 | Vaults:3 | Reached skill level 5 in Shapeshifting
 52927 | Vaults:3 | Found a staircase to the Crypt.
 53039 | Vaults:3 | Reached XP level 22. HP: 103/184 MP: 41/41
 53548 | Vaults:3 | Identified the +1 helmet of Mael {Rampage rF++ rCorr Str-3}
 53894 | Vaults:4 | Found Poyfod's Antique Weapon Boutique.
 54042 | Vaults:4 | Your ally Oreg died
 54085 | Vaults:4 | Your ally Agrik died
 54547 | Vaults:4 | Noticed Mennas
 54570 | Vaults:4 | Killed Mennas
 55508 | Elf:2    | Your ally Blodwig died
 55694 | Elf:2    | Found a runed translucent gate.
 55694 | Elf:2    | Found a runed translucent gate.
 55699 | Elf:2    | Noticed Truedra's ghost (adept DsFi)
 55702 | Elf:2    | Found a runed translucent gate.
 56019 | Depths:1 | Entered Level 1 of the Depths
 56510 | Depths:1 | Found a one-way gate leading to the halls of Pandemonium.
 56615 | Depths:1 | Found a gateway to Hell.
 56630 | Depths:1 | Your ally Oreg died
 56656 | Depths:1 | Found a runed translucent door.
 56656 | Depths:1 | Noticed Dorkslayer's ghost (adept MDFi)
 56732 | Depths:1 | Found an ornate altar of the Wu Jian Council.
 56851 | Depths:1 | Killed Dorkslayer's ghost
 57020 | Depths:1 | Your ally Agrik died
 57249 | Depths:2 | Paralysed by an air elemental for 1 turns
 57362 | Depths:2 | Noticed Sojobo
 57364 | Depths:2 | Paralysed by an air elemental for 1 turns
 57369 | Depths:2 | Your ally Blodwig died
 57378 | Depths:2 | Killed Sojobo
 57379 | Depths:2 | Reached XP level 23. HP: 60/190 MP: 40/44
 57588 | Depths:2 | You fall into a shaft and drop 1 floor!
 57691 | Depths:2 | Found the ring of the Tortoise {AC+8}
 57891 | Depths:2 | Anointed Berold the warrior as your apostle
 58551 | Depths:2 | Reached skill level 10 in Hexes
 58965 | Depths:2 | Your ally Oreg died
 59128 | Depths:2 | Found a one-way gateway to a ziggurat.
 59131 | Depths:2 | Identified the staff of Haut {rF+ Int-2 Necro Fire Ice}
 59220 | Depths:2 | Identified the +4 whip "Qiocsocu" {freeze, rF+}
 59339 | Depths:2 | Found a one-way gate to the infinite horrors of the Abyss.
 59759 | Depths:3 | Found Woalod Bimo's Jewellery Shoppe.
 59759 | Depths:3 | Found Iseheleu's Book Boutique.
 59761 | Depths:3 | Found Nulyekka's Jewellery Shoppe.
 59767 | Depths:3 | Bought the amulet of Vitality {RegenMP++ Regen++} for 1800
                  | gold pieces
 59767 | Depths:3 | Found the amulet of Vitality {RegenMP++ Regen++}
 59954 | Depths:3 | Reached skill level 1 in Air Magic
 60210 | Depths:4 | Entered Level 4 of the Depths
 60241 | Depths:4 | Found an opulent altar of Gozag.
 60253 | Depths:4 | Your ally Agrik died
 60261 | Depths:4 | Reached skill level 10 in Shapeshifting
 60484 | Depths:4 | Found a portal to a secret trove of treasure.
 60641 | Trove    | Entered a treasure trove
 60657 | Trove    | Identified the +1 hat "Serir" {Fly Int+4}
 60711 | Trove    | Identified the +0 pair of boots of Toecs {rElec rN+++ Will-
                  | Dex-5}
 61174 | Depths:4 | Reached skill level 5 in Air Magic
 61261 | Depths:4 | Found a gate to the Realm of Zot.
 61731 | Crypt:1  | Entered Level 1 of the Crypt
 62829 | Crypt:1  | Identified the +3 robe of a Thousand Knaves {Archmagi}
 62829 | Crypt:1  | Noticed Boris
 62829 | Crypt:1  | You fall into a shaft and drop 1 floor!
 63006 | Crypt:2  | Reached XP level 24. HP: 197/197 MP: 44/44
 64338 | Crypt:1  | Killed Boris
 64761 | Crypt:3  | Entered Level 3 of the Crypt
 65113 | Crypt:3  | Reached skill level 10 in Air Magic
 65217 | Crypt:3  | Your ally Oreg died
 65311 | Crypt:3  | Found an ancient bone altar of Kikubaaqudgha.
 65311 | Crypt:3  | Noticed a dread lich
 65322 | Crypt:3  | Killed a dread lich
 65538 | Crypt:3  | Found a staircase to the Tomb.
 65548 | Crypt:3  | Identified the staff "Baraxterr" {rN+ Int-4 Dex+2 Necro
                  | Earth}
 65601 | Crypt:3  | Identified the +6 scale mail of Gehenna {rElec Str+4}
 66577 | Vaults:5 | Entered Level 5 of the Vaults
 66577 | Vaults:5 | Noticed a dread lich
 66637 | Vaults:4 | Paralysed by a dread lich for 5 turns
 66639 | Vaults:4 | Your ally Oreg died
 66639 | Vaults:4 | Killed a dread lich
 66728 | Vaults:4 | Gained mutation: You are weak. (Str -2) [a shining eye]
 66851 | Vaults:4 | Reached XP level 25. HP: 169/204 MP: 45/45
 67007 | Vaults:5 | Noticed a dread lich
 67082 | Vaults:5 | Learned a level 5 spell: Silence
 67135 | Vaults:5 | Your ally Agrik died
 67176 | Vaults:5 | Reached skill level 15 in Shapeshifting
 67177 | Vaults:5 | Your ally Oreg died
 67182 | Vaults:5 | Killed a dread lich
 67192 | Vaults:5 | Your ally Berold died
 67196 | Vaults:5 | HP: 3/204 [quicksilver dragon/bolt of dispelling energy
                  | (41)]
 67584 | Vaults:5 | Identified the +7 falchion of Greed {freeze, rPois rN+}
 67585 | Vaults:5 | Identified the +1 troll leather armour of the Elephant
                  | {Regen+ Str+4}
 67615 | Vaults:5 | Identified the +7 bardiche "Ybuifost" {freeze, Int+3}
 67630 | Vaults:5 | Was placed under penance by Beogh
 67660 | Vaults:5 | Was forgiven by Beogh
 67736 | Vaults:5 | Identified the +9 whip "Voatsawn" {flame, ^Fragile +Blink
                  | rElec Str+2}
 67739 | Vaults:5 | Identified the +4 morningstar "Zuun" {flame, rPois rC++
                  | Will-}
 67751 | Vaults:5 | Got a silver rune of Zot
 68101 | Vaults:5 | Got Sif Muna's Writings on Debased Secrets and the Manifold
 68411 | Vaults:5 | Learned a level 2 spell: Blink
 68414 | Vaults:5 | Learned a level 2 spell: Lesser Beckoning
 68416 | Vaults:5 | Learned a level 1 spell: Apportation
 68421 | Vaults:5 | Learned a level 4 spell: Vhi's Electric Charge
 68425 | Vaults:5 | Learned a level 3 spell: Passwall
 68481 | Vaults:4 | Identified the orb of Lethargy {*channel, rPois Dex+3}
 68866 | Zot:1    | Entered Level 1 of the Realm of Zot
 69098 | Depths:4 | Your ally Oreg died
 69242 | Zot:1    | Your ally Agrik died
 69375 | Depths:4 | Reached XP level 26. HP: 206/211 MP: 45/45
 70091 | Zot:2    | Your ally Oreg died
 70127 | Zot:2    | Noticed an orb of fire
 70270 | Zot:1    | Killed an orb of fire
 70369 | Zot:2    | You fall into a shaft and drop 2 floors!
 70550 | Zot:4    | Noticed an orb of fire
 70559 | Zot:4    | Your ally Oreg died
 70560 | Zot:4    | Your ally Agrik died
 70572 | Zot:4    | Killed an orb of fire
 71148 | Zot:3    | Your ally Berold died
 71245 | Zot:3    | Noticed a dread lich
 71264 | Zot:3    | Killed a dread lich
 71741 | Zot:2    | Your ally Oreg died
 71751 | Zot:2    | Your ally Berold died
 71800 | Zot:2    | Your ally Agrik died
 71809 | Zot:2    | Reached XP level 27. HP: 212/217 MP: 45/45
 72898 | Zot:5    | Entered Level 5 of the Realm of Zot
 73093 | Zot:5    | Found a transporter.
 73094 | Zot:5    | Found a transporter.
 73101 | Zot:5    | Found a transporter.
 73101 | Zot:5    | Found a transporter.
 73104 | Zot:5    | Found a transporter.
 73105 | Zot:5    | Found a transporter.
 73400 | Zot:5    | Learned a level 8 spell: Maxwell's Capacitive Coupling
 73842 | D:8      | Bought a scroll of torment for 123 gold pieces
 73842 | D:8      | Bought a scroll of amnesia for 52 gold pieces
 74020 | Orc:2    | Bought a scroll of amnesia for 48 gold pieces
 74020 | Orc:2    | Bought a potion of curing for 36 gold pieces
 74020 | Orc:2    | Bought a potion of attraction for 36 gold pieces
 74095 | Elf:1    | Bought a potion of mutation for 96 gold pieces
 74095 | Elf:1    | Bought a potion of magic for 96 gold pieces
 74095 | Elf:1    | Bought a potion of attraction for 36 gold pieces
 74095 | Elf:1    | Bought a potion of brilliance for 48 gold pieces
 74171 | Orc:2    | Bought a scroll of vulnerability for 64 gold pieces
 74171 | Orc:2    | Bought 2 scrolls of enchant armour for 240 gold pieces
 74358 | Slime:1  | Entered Level 1 of the Pits of Slime
 74484 | Slime:2  | Learned a level 4 spell: Manifold Assault
 74489 | Slime:2  | Learned a level 4 spell: Passage of Golubria
 74495 | Slime:2  | Learned a level 5 spell: Irradiate
 74582 | Slime:3  | Your ally Oreg died
 74606 | Slime:4  | Noticed Dissolution
 74620 | Slime:3  | Killed Dissolution
 74644 | Slime:3  | Identified the +1 hand axe "Ultimatum" {freeze, rPois
                  | rCorr}
 74645 | Slime:3  | Reached skill level 15 in Air Magic
 74673 | Slime:3  | Anointed Bogward the priest as your apostle
 74908 | Slime:5  | Entered Level 5 of the Pits of Slime
 75078 | Slime:5  | Your ally Agrik died
 75260 | Slime:5  | Noticed the Royal Jelly
 75351 | Slime:5  | Killed the Royal Jelly
 75616 | Slime:5  | Identified the +8 broad axe "Sadoogyv" {holy, *Noise rElec
                  | Str+2}
 75626 | Slime:5  | Identified the +4 shortbow "Luypnaolu" {flame, rF+ rC+
                  | Str+5 Int-4}
 75636 | Slime:5  | Got a slimy rune of Zot
 75683 | Slime:5  | Identified the ring "Lousintu" {Fly rC+}
 75700 | Slime:5  | Identified the staff of Vehumet's Inspiration {rPois rN+
                  | Conj Necro}
 75989 | Slime:5  | Learned a level 5 spell: Yara's Violent Unravelling
 76254 | Pan      | Entered the realm of Mnoleg.
 76254 | Pan      | Entered Pandemonium
 76596 | Pan      | Noticed Mnoleg
 76605 | Pan      | Your ally Berold died
 76659 | Pan      | Killed Mnoleg
 76717 | Pan      | Got a glowing rune of Zot
 76869 | Pan      | Noticed Tuaxidghe the pandemonium lord
 76903 | Pan      | Killed Tuaxidghe the pandemonium lord
 77154 | Pan      | Entered the realm of Gloorx Vloq.
 78244 | Pan      | Noticed Gloorx Vloq
 78262 | Pan      | Killed Gloorx Vloq
 78307 | Pan      | Got a dark rune of Zot
 78563 | Pan      | Noticed Zosonkeu the pandemonium lord
 78577 | Pan      | Killed Zosonkeu the pandemonium lord
 78737 | Pan      | Your ally Agrik died
 78827 | Pan      | Found an exit through the horrors of the Abyss.
 78888 | Pan      | Your ally Berold died
 79000 | Pan      | Found an exit through the horrors of the Abyss.
 79067 | Pan      | Killed Paguatat the pandemonium lord
 79329 | Pan      | Found a runed translucent door.
 79346 | Pan      | Got a demonic rune of Zot
 79544 | Pan      | Found an exit through the horrors of the Abyss.
 79664 | Pan      | Entered the realm of Cerebov.
 79676 | Pan      | Your ally Agrik died
 79689 | Pan      | Your ally Bogward died
 79698 | Pan      | Your ally Berold died
 79858 | Pan      | Found the +6 sword of Cerebov {flame}
 79858 | Pan      | Noticed Cerebov
 79879 | Pan      | Killed Cerebov
 79982 | Pan      | Got a fiery rune of Zot
 80023 | Pan      | Identified the staff of Honour {rF+ Int+3 Summ Fire}
 80103 | Pan      | Identified the +9 orcbow "Noixowk" {elec, rC+}
 80105 | Pan      | Identified the +7 arbalest of Blind Justice {penet, Dex+4}
 80305 | Pan      | Your ally Agrik died
 80334 | Pan      | Noticed Datibih the pandemonium lord
 80360 | Pan      | Your ally Berold died
 80371 | Pan      | Your ally Bogward died
 80376 | Pan      | Killed Datibih the pandemonium lord
 80414 | Pan      | Entered the realm of Lom Lobon.
 81876 | Pan      | Reached skill level 1 in Conjurations
 81918 | Pan      | Reached skill level 1 in Translocations
 81918 | Pan      | Reached skill level 1 in Earth Magic
 81937 | Pan      | Noticed Lom Lobon
 81948 | Pan      | Killed Lom Lobon
 82011 | Pan      | Got a magical rune of Zot
 82588 | Depths:1 | Escaped Pandemonium
 82607 | Depths:1 | Identified the +6 dagger "Nuykeli" {chaos, rF+ rC+ rCorr
                  | Str+4}
 82798 | Zig:1    | Entered Level 1 of a ziggurat
 82816 | Zig:2    | Entered Level 2 of a ziggurat
 82818 | Zig:2    | Noticed Ezu Vics the pandemonium lord
 82825 | Zig:2    | Killed Ezu Vics the pandemonium lord
 82849 | Zig:3    | Entered Level 3 of a ziggurat
 82884 | Zig:4    | Entered Level 4 of a ziggurat
 82885 | Zig:4    | Found the +11 Singing Sword {sonic wave}
 82944 | Zig:5    | Entered Level 5 of a ziggurat
 82986 | Zig:5    | Identified the +4 morningstar of Punishment {flame, Dex+2}
 82994 | Zig:6    | Entered Level 6 of a ziggurat
 83046 | Zig:6    | Identified the amulet of Xom's Passing Interest {Acrobat
                  | rF+ MP+9 Stlth+}
 83050 | Zig:6    | Identified the +9 rapier "Grim Tooth" {elec, ^Drain rC+
                  | Str+7 Int+3}
 83075 | Zig:7    | Entered Level 7 of a ziggurat
 83091 | Zig:7    | Your ally Agrik died
 83184 | Zig:7    | Identified the staff "Roobomao" {rElec rPois MP+9 Int-4
                  | SInv Alchemy}
 83195 | Zig:8    | Entered Level 8 of a ziggurat
 83218 | Zig:8    | Reached skill level 5 in Conjurations
 83238 | Zig:8    | Identified the staff of Lenaav {rN+ Int+3 Necro}
 83267 | Zig:9    | Entered Level 9 of a ziggurat
 83282 | Zig:9    | Reached skill level 5 in Translocations
 83290 | Zig:9    | Your ally Agrik died
 83292 | Zig:9    | Your ally Bogward died
 83293 | Zig:9    | Your ally Berold died
 83336 | Zig:9    | Identified the +7 falchion of Misery {pain, rC- Str+9
                  | Stlth+}
 83341 | Zig:9    | Identified the +1 lajatang "Guoxtah" {flame, Dex+3}
 83349 | Zig:10   | Entered Level 10 of a ziggurat
 83355 | Zig:10   | Noticed a dread lich
 83365 | Zig:10   | Reached skill level 5 in Earth Magic
 83373 | Zig:10   | Killed a dread lich
 83381 | Zig:10   | Identified the +2 great sword of the Forest {pain, Will+}
 83385 | Zig:10   | Identified the ring of Dizeoc {rF+ Str+4}
 83393 | Zig:10   | Identified the +1 chain mail of the Tuna {-Tele rElec MP+9
                  | Str+3}
 83401 | Zig:10   | Learned a level 6 spell: Conjure Ball Lightning
 83405 | Zig:11   | Entered Level 11 of a ziggurat
 83455 | Zig:11   | Identified the amulet "Texiklit" {Spirit rPois Int+5 Dex+2
                  | Slay-4}
 83473 | Zig:12   | Entered Level 12 of a ziggurat
 83487 | Zig:12   | Paralysed by a wendigo for 1 turns
 83492 | Zig:12   | Was placed under penance by Beogh
 83508 | Zig:12   | Identified the amulet "Qearrem" {Reflect rF+ SH+5}
 83516 | Zig:12   | Identified the ring "Paephoat" {Fire Stlth+}
 83530 | Zig:13   | Entered Level 13 of a ziggurat
 83536 | Zig:13   | Noticed a royal mummy
 83537 | Zig:13   | Noticed a royal mummy
 83537 | Zig:13   | Noticed a royal mummy
 83539 | Zig:13   | Noticed a royal mummy
 83542 | Zig:13   | Killed a royal mummy
 83550 | Zig:13   | Killed a royal mummy
 83556 | Zig:13   | Killed a royal mummy
 83556 | Zig:13   | Killed a royal mummy
 83643 | Zig:13   | Identified the dragon-blood talisman of Least Resistance
                  | {rElec Str-3 Int+4 Dex+2}
 83644 | Zig:13   | Identified the +0 plate armour of Sunlight {rC+ Str+4 SInv}
 83657 | Zig:14   | Entered Level 14 of a ziggurat
 83672 | Zig:14   | Reached skill level 15 in Hexes
 83771 | Zig:14   | Identified the +5 shortbow of Imminent Death {heavy, rF+}
 83773 | Zig:14   | Identified the staff of Umarph {rPois Dex+2 Alchemy}
 83775 | Zig:14   | Identified the +5 rapier of Malum Prohibitum {flame, Int+2}
 83776 | Zig:14   | Identified the amulet "Jothrib" {Reflect ^Contam rF+ Str+4
                  | SH+5}
 83777 | Zig:14   | Identified the ring "Ylolequv" {rElec rPois rC+ Int+5
                  | Stlth-}
 83780 | Zig:14   | Identified the +10 spear "Munkef" {heavy, rN+}
 83781 | Zig:14   | Identified the +2 hand axe of Urgency {flame, *Slow rPois
                  | Dex+6}
 83812 | Zig:15   | Entered Level 15 of a ziggurat
 83825 | Zig:15   | Found the +9 sword of Zonguldrok {reap}
 83829 | Zig:16   | Entered Level 16 of a ziggurat
 83882 | Zig:16   | Was forgiven by Beogh
 83916 | Zig:16   | Identified the amulet of Autumn {Faith *Slow rElec Will-
                  | Int+5}
 83917 | Zig:16   | Identified the +10 quarterstaff of Ragnarok {drain, Will+}
 83935 | Zig:16   | Identified the +11 long sword "Hell-Harrower" {drain, Str+4
                  | Dex-2}
 83967 | Zig:17   | Entered Level 17 of a ziggurat
 83982 | Zig:17   | Reached skill level 10 in Translocations
 84176 | Zig:18   | Entered Level 18 of a ziggurat
 84225 | Zig:18   | Noticed Laafamp the pandemonium lord
 84225 | Zig:18   | Found the macabre finger necklace {Finger+ rN+}
 84229 | Zig:19   | Entered Level 19 of a ziggurat
 84281 | Zig:19   | Found the +2 Maxwell's thermic engine {flame, freeze, rev}
 84290 | Zig:19   | Got the Almanac of Blazing Litharge
 84296 | Zig:19   | Identified the +2 plate armour "Riddyuck" {rElec Int-5 SInv
                  | Stlth+}
 84297 | Zig:19   | Identified the ring of Untruth {Wiz rF+ Str+3 Dex+3}
 84313 | Zig:19   | Identified the +0 rapier "Joyciof" {holy, rElec Str-4
                  | Int+3}
 84329 | Zig:20   | Entered Level 20 of a ziggurat
 84532 | Zig:20   | Got the Elucidation of the Grave
 84538 | Zig:20   | Identified the +4 trident of Crystal {holy, rElec rF+}
 84543 | Zig:20   | Identified the amulet "Efoa" {Reflect Int-5 Dex+4 SH+5}
 84556 | Zig:20   | Identified the +2 great sword "Arieneong" {holy, rF+}
 84557 | Zig:20   | Identified the staff of the Extremes {Fly rElec MP+9 Dex+3
                  | Conj Air}
 84584 | Zig:20   | Learned a level 7 spell: Enfeeble
 84633 | Depths:2 | Identified the +7 war axe "Odoes" {speed, +Blink Dex+6
                  | SInv}
 84672 | Depths:2 | Learned a level 8 spell: Discord
 85241 | Tomb:1   | Entered Level 1 of the Tomb of the Ancients
 85358 | Tomb:1   | Your ally Bogward died
 85691 | Tomb:1   | Anointed Bogwik the warrior as your apostle
 85731 | Tomb:1   | Noticed a royal mummy
 85742 | Tomb:1   | Killed a royal mummy
 85780 | Tomb:1   | Noticed a royal mummy
 85797 | Tomb:1   | Killed a royal mummy
 86133 | Tomb:1   | Noticed a royal mummy
 86147 | Tomb:1   | Killed a royal mummy
 86210 | Tomb:1   | Anointed Boghold the warrior as your apostle
 86292 | Tomb:2   | Noticed a royal mummy
 86292 | Tomb:2   | Noticed a royal mummy
 86292 | Tomb:2   | Noticed a royal mummy
 86292 | Tomb:2   | Noticed a royal mummy
 86302 | Tomb:2   | Killed a royal mummy
 86305 | Tomb:2   | Killed a royal mummy
 86322 | Tomb:2   | Killed a royal mummy
 86333 | Tomb:2   | Killed a royal mummy
 86569 | Tomb:3   | Entered Level 3 of the Tomb of the Ancients
 86576 | Tomb:3   | Noticed a royal mummy
 86577 | Tomb:3   | Noticed a royal mummy
 86580 | Tomb:3   | Killed a royal mummy
 86582 | Tomb:3   | Killed a royal mummy
 86585 | Tomb:3   | Noticed a royal mummy
 86585 | Tomb:3   | Noticed a royal mummy
 86589 | Tomb:3   | Killed a royal mummy
 86591 | Tomb:3   | Killed a royal mummy
 86593 | Tomb:3   | Found the +8 storm bow {elec, penet}
 86601 | Tomb:3   | Killed Boris
 86613 | Tomb:3   | Identified the +7 sling of Attainder {speed, *Corrode rElec
                  | rN++ Dex+2}
 86616 | Tomb:3   | Identified the +1 shadow dragon scales of Starshine {rF+++
                  | Str+3 Int-5 Dex+4 Stlth++++}
 86630 | Tomb:3   | Identified the ring of Soowit Taes {rElec MP+9 Str+3 Int-3
                  | Dex+2}
 86633 | Tomb:3   | Identified the ring "Woluleil" {rC+ Dex+5}
 86677 | Tomb:3   | Noticed a royal mummy
 86683 | Tomb:3   | Noticed a royal mummy
 86700 | Tomb:3   | Killed a royal mummy
 86703 | Tomb:3   | Noticed a royal mummy
 86711 | Tomb:3   | Noticed a royal mummy
 86714 | Tomb:3   | Killed a royal mummy
 86738 | Tomb:3   | Killed a royal mummy
 86745 | Tomb:3   | Killed a royal mummy
 86788 | Tomb:3   | Identified the +3 robe "Yjaligef" {*Slow rC++ Str+6} (You
                  | took it off Boris on level 3 of the Tomb of the Ancients)
 86817 | Tomb:3   | Got a sanguine gem with 115 turns to spare
 86820 | Tomb:3   | Got a golden rune of Zot
 86868 | Tomb:3   | Identified the staff of Wyrd {rF- rC+ rN++ Ice}
 87207 | Tomb:3   | Learned a level 5 spell: Borgnjor's Vile Clutch
 87283 | Tomb:1   | Identified the +4 flail "Newtslayer" {freeze, rN++ rCorr
                  | Str-5}
 87870 | Depths:2 | Voluntarily entered the Abyss.
 88058 | Abyss:5  | Reached skill level 1 in Necromancy
 88058 | Abyss:5  | Found a blossoming altar of Fedhas.
 88058 | Abyss:5  | Found a corrupted altar of Lugonu.
 88078 | Abyss:5  | Found a corrupted altar of Lugonu.
 88131 | Abyss:5  | Got an abyssal rune of Zot
 88135 | Abyss:5  | Paralysed by accursed screaming for 1 turns
 88261 | Abyss:5  | Found a corrupted altar of Lugonu.
 88316 | Depths:2 | Escaped the Abyss
 88377 | Hell     | Entered the Vestibule of Hell
 88378 | Hell     | Noticed Geryon
 88405 | Hell     | Killed Geryon
 88567 | Depths:2 | Anointed Margrim the priest as your apostle
 88787 | Hell     | Found a gateway to the ashen valley of Gehenna.
 88844 | Hell     | Found a gateway to the decaying netherworld of Tartarus.
 88879 | Hell     | Found a gateway to the freezing wastes of Cocytus.
 88969 | Hell     | Found a gateway to the Iron City of Dis.
 89150 | Tar:1    | Entered Level 1 of Tartarus
 89793 | Tar:6    | Reached skill level 5 in Necromancy
 89887 | Tar:6    | Noticed an ancient lich
 89913 | Tar:6    | Killed an ancient lich
 90515 | Tar:7    | Entered Level 7 of Tartarus
 90654 | Tar:7    | Noticed an ancient lich
 90654 | Tar:7    | Noticed an ancient lich
 90654 | Tar:7    | Noticed an ancient lich
 90668 | Tar:7    | Killed an ancient lich
 90679 | Tar:7    | Killed an ancient lich
 90692 | Tar:7    | Killed an ancient lich
 90866 | Tar:7    | Identified the +0 ring mail of Irymp {rN+++ Str-5 Int+3
                  | Dex+3}
 91376 | Tar:7    | Got the Volume of the Zephyr and the Salvo
 91584 | Tar:7    | Identified the amulet "Diuff" {Regen+ Int+2 Slay-2 SInv}
 91587 | Tar:7    | Identified the ring "Wajuoth" {Fire rPois MP+9}
 92083 | Tar:7    | Noticed Ereshkigal
 92098 | Tar:7    | Killed Ereshkigal
 92128 | Tar:7    | Got a bone rune of Zot
 92324 | Dis:1    | Entered Level 1 of the Iron City of Dis
 92755 | Dis:5    | Your ally Margrim died
 93104 | Dis:6    | Your ally Margrim died
 93110 | Dis:7    | Entered Level 7 of the Iron City of Dis
 93365 | Dis:7    | Noticed a dread lich
 93373 | Dis:7    | Your ally Boghold died
 93382 | Dis:7    | Killed a dread lich
 93670 | Dis:7    | Noticed the Serpent of Hell
 93675 | Dis:7    | Your ally Berold died
 93734 | Dis:7    | Killed the Serpent of Hell
 94099 | Dis:7    | Noticed a juggernaut
 94101 | Dis:7    | Killed a juggernaut
 94135 | Dis:7    | Identified the staff "Beast's Regret" {rPois rC+ Dex-2
                  | Stlth+ Ice}
 94136 | Dis:7    | Identified the staff "Letoxtel" {*Corrode rF+ Str+7 Fire
                  | Air}
 94386 | Dis:7    | Reached skill level 27 in Invocations
 94555 | Dis:7    | Noticed a juggernaut
 94570 | Dis:7    | Killed a juggernaut
 94628 | Dis:7    | Identified the +0 robe "Kofisiep" {Fly Int+4 SInv}
 94629 | Dis:7    | Identified the +7 sling of Dileam {drain, +Blink Int+5
                  | Dex+3 SInv}
 95127 | Dis:7    | Noticed a juggernaut
 95135 | Dis:7    | Killed a juggernaut
 95149 | Dis:7    | Noticed Dispater
 95168 | Dis:7    | Killed Dispater
 95196 | Dis:7    | Found the +3 warlock's mirror {omnireflect}
 95203 | Dis:7    | Got an iron rune of Zot
 95377 | Hell     | Identified the +4 dagger of Edihun {flame, +Blink rElec}
 95377 | Hell     | Identified the +1 robe "Ceptua Duots" {rC- MP+9 Str+6 SInv}
 95419 | Coc:1    | Entered Level 1 of Cocytus
 96223 | Coc:3    | Paralysed by a wendigo for 1 turns
 96393 | Coc:4    | Noticed an ancient lich
 96403 | Coc:4    | Reached skill level 27 in Spellcasting
 96559 | Coc:4    | Killed an ancient lich
 96691 | Coc:5    | Reached skill level 5 in Evocations
 97033 | Coc:6    | Identified the +4 mace of Termination {venom, rElec rF-
                  | Int+9}
 97334 | Coc:7    | Entered Level 7 of Cocytus
 97380 | Coc:7    | Paralysed by a wendigo for 1 turns
 98024 | Coc:7    | Identified the amulet "Ataahach" {rElec rN+ Will- Regen+
                  | Dex+4}
 98139 | Coc:7    | Paralysed by a wendigo for 1 turns
 98324 | Coc:7    | Paralysed by a wendigo for 1 turns
 98331 | Coc:7    | Paralysed by a wendigo for 1 turns
 98456 | Coc:7    | Paralysed by a wendigo for 1 turns
 98591 | Coc:7    | Noticed Antaeus
 98605 | Coc:7    | Killed Antaeus
 98620 | Coc:7    | Got an icy rune of Zot
 98621 | Coc:7    | Identified the +1 robe of Awe {Dex+3}
 98784 | Geh:1    | Entered Level 1 of Gehenna
 99468 | Geh:5    | Identified the +5 mace of Kibuwkak {heavy, rPois rF- Will+}
 99882 | Geh:6    | Reached skill level 10 in Evocations
 99939 | Geh:7    | Entered Level 7 of Gehenna
100182 | Geh:7    | Identified the staff of Uskayaw {rN+ rCorr MP+9 Str+3
                  | Necro}
100450 | Geh:7    | Got the Omnibus of the Salvo and the Arsonist
100555 | Geh:7    | Upgraded the game from 0.32-a0-360-gcd93b57 to
                  | 0.32-a0-361-g289a535
100586 | Geh:7    | Found the +13 sceptre of Asmodeus
100586 | Geh:7    | Identified the ring "Qupet" {Fly rC+ rN+ MP-9 Dex+5}
100586 | Geh:7    | Noticed Asmodeus
100603 | Geh:7    | Killed Asmodeus
100632 | Geh:7    | Got an obsidian rune of Zot
101063 | Zot:5    | Noticed a dread lich
101086 | Zot:5    | Killed a dread lich
101091 | Zot:5    | Killed an ancient lich
101093 | Zot:5    | Your ally Boghold died
101166 | Zot:5    | Noticed an orb of fire
101173 | Zot:5    | Killed an orb of fire
101175 | Zot:5    | Noticed an orb of fire
101175 | Zot:5    | Noticed an orb of fire
101185 | Zot:5    | Your ally Berold died
101186 | Zot:5    | Killed an orb of fire
101188 | Zot:5    | Your ally Margrim died
101191 | Zot:5    | Killed an orb of fire
101195 | Zot:5    | Noticed a dread lich
101198 | Zot:5    | Killed a dread lich
101225 | Zot:5    | Noticed an orb of fire
101228 | Zot:5    | Noticed an ancient lich
101241 | Zot:5    | Killed an orb of fire
101247 | Zot:5    | Killed an ancient lich
101269 | Zot:5    | Gained mutation: You occasionally lose the ability to read
                  | scrolls when taking damage. [mutagenic glow]
101280 | Zot:5    | Lost mutation: You occasionally lose the ability to read
                  | scrolls when taking damage. [potion of mutation]
101280 | Zot:5    | Lost mutation: You are weak. (Str -2) [potion of mutation]
101280 | Zot:5    | Lost mutation: You are strong-willed. (Will+) [potion of
                  | mutation]
101280 | Zot:5    | Gained mutation: You passively dampen the noise of your
                  | surroundings. [potion of mutation]
101280 | Zot:5    | Gained mutation: Your system is resistant to poisons.
                  | (rPois) [potion of mutation]
101427 | Zot:5    | Noticed a dread lich
101428 | Zot:5    | Noticed a dread lich
101608 | Zot:5    | Noticed a dread lich
101615 | Zot:5    | Killed a dread lich
101627 | Zot:5    | Killed a dread lich
101632 | Zot:5    | Paralysed by a dread lich for 2 turns
101646 | Zot:5    | Killed a dread lich
101827 | Zot:5    | Identified the +2 dagger of the Invisible Stories {freeze,
                  | Int+4}
102061 | Zot:5    | Found a transporter.
102066 | Zot:5    | Found a transporter.
102069 | Zot:5    | Found a transporter.
102080 | Zot:5    | Found a transporter.
102184 | Zot:5    | Found a transporter.
102188 | Zot:5    | Found a transporter.
102471 | Zot:5    | Got the Orb of Zot
102897 | D:12     | Noticed Xuradoecs the pandemonium lord
102901 | D:12     | Killed Xuradoecs the pandemonium lord
103223 | D:$      | Escaped with the Orb!

Illustrated notes

Levels and vault maps discovered:
D:1:      minmay_arrival_semitransparent, layout_basic, serial_forest,
          infiniplex_forest_clump_curved, infiniplex_forest_corner_1,
          infiniplex_forest_straight_4, infiniplex_forest_zigzag_1,
          infiniplex_forest_end_1, infiniplex_forest_clump_C,
          infiniplex_forest_straight_4, infiniplex_forest_clump_curved,
          infiniplex_forest_clump_tiny, infiniplex_forest_clump_small,
          nrook_loot_triangle, minmay_split_cup_small
D:2:      layout_loops_ring, amcnicky_mini_pool_small, uniq_natasha,
          uniq_sigmund, uniq_robin
D:3:      layout_loops_ring, nicolae_ru_sacrificial_ziggurat,
          vehumet_altar_wand_db, mainiacjoe_overflow_tiny_flanked
D:4:      layout_gridville, general_overflow_altar,
          nicolae_kite_square_tiling_tiny, minmay_fractal_squares_gapless_5
D:5:      layout_gridville, minmay_temple_entry_statues, uniq_grinder
D:6:      layout_basic, minmay_fractal_squares_5
D:7:      layout_basic, nicolae_overflow_squiral, ebering_ghost_xom,
          enter_bailey_5, minmay_misc_feat_encased, uniq_maggie, uniq_jeremiah,
          uniq_maurice, uniq_prince_ribbit1, uniq_crazy_yiuf_cottage
D:8:      layout_basic, mainiacjoe_overflow_brackets, serial_shops,
          nicolae_diamond_shop, uniq_pikel, uniq_gastronok
D:9:      layout_basic, mainiacjoe_overflow_large_starburst,
          mainiacjoe_overflow_24_doors, lemuel_crystal_altar, serial_shops,
          nicolae_square_shop, chequers_serial_rivers_large_a
D:10:     layout_roguey, nicolae_sif_muna_condensation
D:11:     layout_irregular_city, hellmonk_lair_entry_icy
D:12:     layout_basic, orc_0_dummy
D:13:     layout_loops_ring, nicolae_shop_dragon_depot, uniq_azrael
D:14:     layout_layer_cave, hellmonk_vaults_keyhole, hive_lemuel, uniq_kirke,
          uniq_josephine
D:15:     grunt_enter_depths_snipers, layout_basic,
          nemelex_diamond_rough_becter, minivault_24
Lair:1:   layout_cave_pods, gauntlet_entry_generic, nzn_sisyphean_effort,
          uniq_amaemon
Lair:2:   layout_hall_layers, minmay_swamp_entry_worms,
          portal_ice_cave_demonic_guard, st_stairs_5
Lair:3:   layout_hall_layers, spider_nest_entry_rubble, grunt_megastairs_5
Lair:4:   cheibrodos_lair_overgrown_chateau, layout_regular_city, slime_entry_1,
          minivault_26, nicolae_lair_time_for_slime
Lair:5:   grunt_lair_end_beastmaster, layout_gridlike,
          ebering_ghost_inner_flame, serial_bayou_pond_a, uniq_sonja
Swamp:1:  layout_basic_swamp, evilmike_swamp_ruin_house_3, swamp_pool_1_2
Swamp:2:  layout_basic_swamp, hangedman_swamp_diagram, uniq_mlioglotl
Swamp:3:  layout_basic_swamp, evilmike_swamp_ruin_rubble_1, swamp_pool_1_2
Swamp:4:  swamp, layout_basic_swamp, swamp_pool_1_2,
          nicolae_swamp_decorative_isthmus
Spider:1: nicolae_spider_mines_2, nicolae_spider_baby_got_redback
Spider:2: layout_spider_delve, drop_trap, uniq_louise
Spider:3: nicolae_spider_hilbert_zone_3 [nicolae_spider_hilbert_4_sides_2_open,
          nicolae_spider_hilbert_3_sides_1_open,
          nicolae_spider_hilbert_3_sides_1_open,
          nicolae_spider_hilbert_3_sides_1_open,
          nicolae_spider_hilbert_3_sides_1_open,
          nicolae_spider_hilbert_4_sides_1_open,
          nicolae_spider_hilbert_4_sides_1_open,
          nicolae_spider_hilbert_4_sides_1_open,
          nicolae_spider_hilbert_4_sides_1_open,
          nicolae_spider_hilbert_4_sides_1_open,
          nicolae_spider_hilbert_4_sides_1_open,
          nicolae_spider_hilbert_4_sides_1_open,
          nicolae_spider_hilbert_4_sides_1_open,
          nicolae_spider_hilbert_3_sides_1_open,
          nicolae_spider_hilbert_3_sides_1_open,
          nicolae_spider_hilbert_3_sides_1_open,
          nicolae_spider_hilbert_3_sides_1_open]
Spider:4: grunt_spider_rune_parallel, nicolae_spider_spiderdrome
Slime:1:  layout_caves, nicolae_slime_getting_an_eyeful
Slime:2:  layout_caves
Slime:3:  cheibrodos_slime_lost_civilization_1, layout_caves
Slime:4:  layout_caves, uniq_dissolution
Slime:5:  slime_pit_nicolae_royal_road_to_ruin
Orc:1:    layout_diamond_mine, basic_altar
Orc:2:    st_orc_ogre_mass, layout_caves, gammafunk_ghost_wrathful_warriors
Elf:1:    minmay_elf_arrival_summoners, layout_geoelf_octagon, serial_shops,
          shop, minmay_elf_necromancy, laboratory
Elf:2:    elven_hall_of_blades_hangedman_original
          [nicolae_blade_entry_hurt_lockers], layout_loops_cross,
          ploomutoo_gammafunk_ghost_potion_laboratory
Elf:3:    elf_hall_gauntlet_wide, layout_geoelf_castle, special_room
          [special_room_orc]
Vaults:1: v_misc_15, nicolae_vaults_shelves_hall, v_misc_3,
          nicolae_vaults_door_testing_chamber,
          hangedman_vaults_stretched_pinwheel, hangedman_vaults_nails,
          st_more_cells, grunt_vaults_swirl, nicolae_vaults_ring_of_whatevers,
          ontoclasm_vaults_twist, nicolae_vaults_three_branches,
          ontoclasm_vaults_gateway, layout_vaults_omnicross, serial_shops, shop
Vaults:2: vaults_dpeg_doors, nicolae_vaults_sesquioval_fish, v_misc_28,
          hangedman_vaults_nails, hangedman_vaults_slice,
          hangedman_vaults_stream, nicolae_vaults_prndl, hangedman_vaults_pinch,
          nicolae_vaults_two_Ls, vaults_room_pools, nicolae_vaults_diamond_1,
          layout_vaults_omnigrid, uniq_frederick
Vaults:3: minmay_crypt_entry_simple_walls, nicolae_vaults_double_plus_2,
          hangedman_vaults_corner, nicolae_vaults_windows_and_doors_thing,
          vaults_room_large_hall, v_misc_17, st_squares,
          hangedman_vaults_river_flow, v_misc_18,
          hangedman_vaults_stretched_pinwheel, ontoclasm_vaults_eye,
          nicolae_vaults_ring_of_whatevers, layout_vaults_ring
Vaults:4: hangedman_vaults_locks, v_misc_1, nicolae_vaults_tangram_1,
          nicolae_vaults_ellipses_ellipsis, grunt_vaults_funnel, v_pattern_5,
          v_misc_14, nicolae_vaults_storage_room_glass,
          nicolae_vaults_stepped_doors, layout_vaults_big_room, serial_shops,
          nicolae_shop_behind_doors, uniq_mennas
Vaults:5
Crypt:1:  layout_basic, minivault_23, uniq_boris
Crypt:2:  layout_gridlike, grunt_megastairs_1
Crypt:3:  cryptofortress_bobbens
Tomb:1
Tomb:2
Tomb:3
Depths:1: layout_gridville, hellmonk_ghost_happy_afterlife,
          grunt_mini_vestibule, grunt_pan_entry_spiral,
          nzn_wu_jian_contemplation, infiniplex_staircase_pool_lava
Depths:2: radiant_caverns_b_rkd, abyss_entry, hell_entry, pan_entry, uniq_sojobo
Depths:3: nicolae_moon_pools, layout_gridville, minmay_strange_pillars,
          hell_entry, abyss_entry, infiniplex_staircase_x, minmay_shop_grove
Depths:4: grunt_zot_entry_hairpin, layout_cave_pools, hell_entry,
          nicolae_gozag_seed_capital, enter_trove_5, item_on_display_a
Hell
Dis:1:    layout_gridville
Dis:2:    layout_gridville, nicolae_dis_scattering
Dis:3:    layout_jigsaw, lemuel_dis_dragons
Dis:4:    layout_subdivisions
Dis:5:    layout_jigsaw
Dis:6:    layout_jigsaw, nicolae_hells_fiendish_ambush
Dis:7:    dis_hangedman
Geh:1:    layout_gehenna_pools_triple
Geh:2:    layout_gehenna_lava_caves, lemuel_flamethrower_3
Geh:3:    layout_gehenna_pools_box
Geh:4:    layout_gehenna_lava_caves, lemuel_flamethrower_3
Geh:5:    layout_gehenna_pools_triple
Geh:6:    layout_gehenna_pools_box
Geh:7:    geh_grunt
Coc:1:    nicolae_coc_hellspring, layout_cocytus_delve
Coc:2:    layout_ice_bergs
Coc:3:    layout_cocytus_water_paths
Coc:4:    layout_cocytus_water_paths
Coc:5:    layout_cocytus_delve, nicolae_coc_icebean_singular
          [nicolae_sub_coc_subbean]
Coc:6:    layout_ice_bergs
Coc:7:    coc_grunt
Tar:1:    layout_catacombs, tekkud_tar_snaking_path
Tar:2:    layout_honeycomb
Tar:3:    layout_grid_maze
Tar:4:    layout_honeycomb
Tar:5:    layout_honeycomb
Tar:6:    layout_grid_maze, grunt_tartarus_stairs_gauntlet_trap
Tar:7:    tar_old
Zot:1:    layout_twisted_circle, regret_index_zotdec_stipple_waver, st_stairs_3,
          hellmonk_formless_pools
Zot:2:    layout_misc_corridors, regret_index_zotdec_misc_clamp
Zot:3:    hangedman_snap_crack_crunch, layout_concentric_octagons,
          uniq_josephina
Zot:4:    layout_misc_corridors
Zot:5:    layout_cathedral_of_symmetry, serial_nicolae_subway,
          nicolae_sub_station_stone, nicolae_sub_station_metal,
          nicolae_sub_station_crystal

Skill      XL: |  1  2  3  4  5  6  7  8  9 10 11 12 13 14 15 16 17 18 19 20 21 22 23 24 25 26 27 |
---------------+----------------------------------------------------------------------------------+-----
Fighting       | 2 3 5 7 8 9 10 12 13 14 15 16 17 18 24 | 24.7
Evocations     | 4 12 | 12.5
Long Blades    | 2 5 8 11 13 14 15 16 | 16.0
Dodging        | 2 5 7 9 10 11 13 15 17 18 19 20 21 24 | 24.3
Armour         | 3 4 5 7 9 10 11 13 15 16 21 | 21.5
Invocations    | 2 4 5 8 10 12 13 15 16 17 18 27 | 27.0
Spellcasting   | 3 6 12 15 17 18 27 | 27.0
Alchemy        | 9 10 | 10.0
Hexes          | 5 9 11 13 22 | 22.0
Shapeshifting  | 5 8 10 13 18 22 24 | 24.8
Air Magic      | 6 11 24 | 24.0
Conjurations   | 9 |  9.0
Translocations | 12 | 12.0
Earth Magic    | 9 |  9.0
Necromancy     | 9 |  9.0
Stealth        | |  0.8

Action                     |  1- 3 |  4- 6 |  7- 9 | 10-12 | 13-15 | 16-18 | 19-21 | 22-24 | 25-27 || total
---------------------------+-------+-------+-------+-------+-------+-------+-------+-------+-------++-------
  Melee: Club              |    34 |       |       |       |       |       |       |       |       ||    34
         Short sword       |    14 |       |       |       |       |       |       |       |       ||    14
         Whip              |    42 |       |       |       |       |       |       |       |       ||    42
         Dagger            |       |     2 |   176 |    85 |       |       |       |       |       ||   263
         Scimitar          |       |       |       |   501 |  1027 |  1038 |       |       |       ||  2566
         Double sword      |       |       |       |       |       |   591 |  1649 |  2052 |  7373 || 11665
   Fire: Orcbow            |    15 |   174 |   221 |    81 |    11 |       |       |       |       ||   502
  Throw: Dart              |       |       |       |       |     2 |     7 |    10 |       |       ||    19
         Throwing net      |       |       |       |       |       |       |       |       |     1 ||     1
   Cast: Summon Mana Viper |       |       |       |       |       |       |       |     1 |   114 ||   115
         Discord           |       |       |       |       |       |       |       |       |   137 ||   137
         Maxwell's Capacit |       |       |       |       |       |       |       |       |   124 ||   124
         Manifold Assault  |       |       |       |       |       |       |       |       |    62 ||    62
         Enfeeble          |       |       |       |       |       |       |       |       |    55 ||    55
         Conjure Ball Ligh |       |       |       |       |       |       |       |       |    49 ||    49
         Yara's Violent Un |       |       |       |       |       |       |       |       |    48 ||    48
         Lesser Beckoning  |       |       |       |       |       |       |       |       |    25 ||    25
         Silence           |       |       |       |       |       |       |       |       |    14 ||    14
         Vhi's Electric Ch |       |       |       |       |       |       |       |       |    11 ||    11
         Apportation       |       |       |       |       |       |       |       |       |    10 ||    10
         Passage of Golubr |       |       |       |       |       |       |       |       |     9 ||     9
         Blink             |       |       |       |       |       |       |       |       |     7 ||     7
         Borgnjor's Vile C |       |       |       |       |       |       |       |       |     5 ||     5
         Irradiate         |       |       |       |       |       |       |       |       |     3 ||     3
         Passwall          |       |       |       |       |       |       |       |       |     2 ||     2
 Invoke: Convert to Beogh  |       |       |     1 |       |       |       |       |       |       ||     1
         Recruit Apostle   |       |       |       |     3 |     1 |     2 |     1 |     1 |     4 ||    12
         Recall Apostles   |       |       |       |     1 |    14 |     8 |    13 |    19 |    90 ||   145
         Smiting           |       |       |       |       |    12 |    22 |    44 |    26 |    35 ||   139
         Dismiss Apostle   |       |       |       |       |     1 |     2 |     1 |     3 |     4 ||    11
         Blood for Blood   |       |       |       |       |       |     2 |     3 |     1 |     5 ||    11
Ability: Hop               |       |     2 |       |     1 |    11 |    11 |    13 |    12 |    56 ||   106
         Begin Untransform |       |       |       |       |       |       |       |       |    11 ||    11
  Evoke: Wand              |     4 |     3 |     4 |    25 |    15 |    23 |    33 |    13 |    51 ||   171
         Phantom mirror    |       |       |       |       |       |     2 |     2 |     2 |     2 ||     8
         Sack of spiders   |       |       |       |       |       |       |     1 |       |     1 ||     2
         Lightning rod     |       |       |       |       |       |       |       |       |     1 ||     1
    Use: Potion            |       |     2 |       |       |       |     3 |    17 |     4 |    39 ||    65
         Scroll            |       |       |     4 |     1 |     5 |    21 |    28 |     9 |    71 ||   139
   Stab: Paralysed         |       |       |       |     8 |     7 |    14 |       |    18 |    25 ||    72
         Distracted        |       |       |       |     8 |    15 |    14 |     6 |    12 |    83 ||   138
         Sleeping          |       |       |       |       |     4 |       |       |       |       ||     4
         Invisible         |       |       |       |       |    12 |     1 |     2 |       |     5 ||    20
         Petrified         |       |       |       |       |     8 |     6 |       |       |    13 ||    27
         Confused          |       |       |       |       |       |       |       |       |     8 ||     8
         Held in net/web   |       |       |       |       |       |       |       |       |     3 ||     3
         Petrifying        |       |       |       |       |       |       |       |       |     1 ||     1
 Armour: Leather armour    |    23 |       |    87 |   184 |   392 |    64 |       |       |       ||   750
         Ring mail         |    35 |   108 |    62 |       |       |       |       |       |       ||   205
         Plate armour      |       |       |       |       |       |  1337 |  1216 |   661 |       ||  3214
         Pearl dragon scal |       |       |       |       |       |       |       |   532 |  5095 ||  5627
  Dodge: Dodged            |    43 |    86 |   306 |   488 |   924 |  1607 |  1374 |  1996 |  7825 || 14649
   Form: Death             |       |       |       |       |       |       |       |       |    12 ||    12

Table legend: (Time is in decaauts)
 A = Elapsed time spent in this place.
 B = Non-inter-level travel time spent in this place.
 C = Inter-level travel time spent in this place.
 D = Time resting spent in this place.
 E = Time spent auto-exploring this place.
 F = Levels seen in this place.
 G = Mean time per level.
                   A        B        C        D        E       F      G
               +--------+--------+--------+--------+--------+-----+--------+
         Total | 111128 |  97932 |  13196 |  22883 |  43072 | 134 |  829.3 |
       Dungeon |  25494 |  20794 |   4700 |   4922 |  12024 |  15 | 1699.6 |
          Lair |   6431 |   5545 |    886 |    858 |   3597 |   5 | 1286.2 |
         Swamp |   5096 |   4842 |    254 |   2499 |   1484 |   4 | 1274.0 |
   Spider Nest |   6102 |   5873 |    229 |   2388 |   2120 |   4 | 1525.5 |
    Slime Pits |   1754 |   1701 |     53 |    328 |    638 |   5 |  350.8 |
  Orcish Mines |   1782 |   1237 |    545 |    142 |    731 |   2 |  891.0 |
   Elven Halls |   8169 |   7174 |    995 |   2919 |   2305 |   3 | 2723.0 |
        Vaults |   9868 |   7973 |   1895 |   1725 |   4170 |   5 | 1973.6 |
         Crypt |   3799 |   3357 |    442 |    194 |   2265 |   3 | 1266.3 |
          Tomb |   2335 |   2177 |    158 |    309 |    956 |   3 |  778.3 |
        Depths |   7779 |   5832 |   1947 |   1366 |   2604 |   4 | 1944.8 |
          Hell |    889 |    780 |    109 |      5 |    247 |   1 |  889.0 |
           Dis |   3200 |   3080 |    120 |    665 |   1056 |   7 |  457.1 |
       Gehenna |   2086 |   1986 |    100 |    182 |    716 |   7 |  298.0 |
       Cocytus |   3416 |   3190 |    226 |    415 |   1000 |   7 |  488.0 |
      Tartarus |   3056 |   2875 |    181 |    362 |    444 |   7 |  436.6 |
           Zot |   6462 |   6110 |    352 |    608 |   3495 |   5 | 1292.4 |
         Abyss |   2476 |   2476 |      0 |   1288 |     51 |   6 |  412.7 |
   Pandemonium |   6530 |   6530 |      0 |    373 |   1897 |  17 |  384.1 |
      Ziggurat |   1780 |   1780 |      0 |    353 |    384 |  20 |   89.0 |
         Trove |    229 |    229 |      0 |      0 |     67 |   1 |  229.0 |
        Bailey |    512 |    512 |      0 |    212 |     78 |   1 |  512.0 |
      Ice Cave |    854 |    854 |      0 |    136 |    511 |   1 |  854.0 |
      Gauntlet |   1019 |   1019 |      0 |    627 |    223 |   1 | 1019.0 |
               +--------+--------+--------+--------+--------+-----+--------+

Top non-repeatable levels by time:
   Elf:3: 3373 daAuts
Depths:2: 3063 daAuts
    D:14: 3023 daAuts
Spider:3: 2868 daAuts
    D:15: 2644 daAuts
   Elf:2: 2491 daAuts
   Dis:7: 2367 daAuts
   Elf:1: 2305 daAuts
     D:2: 2286 daAuts
Vaults:1: 2228 daAuts
Vaults:2: 2225 daAuts
   Zot:5: 2191 daAuts
    D:13: 2039 daAuts
     D:7: 2000 daAuts
Depths:4: 1985 daAuts
